Workbook
Name DEVELOPMENT_COSTS: #REF!
Name EIGHTY_SIX_ZERO_NINES: #REF!
Name FTC_STC_CHECK: #REF!
Name HOME: #REF!
Name PROFORMA: #REF!
Name RENTS_UNITS: #REF!
Name SOURCES: #REF!
Name TAX_CREDIT_CALCULATIONS: #REF!
Name TC_CHECK: #REF!
Name TWENTY_YEAR: #REF!
Name UW_CONCERNS: #REF!

Sheet 1
B1: 2026 QAP (Qualified Allocation Plan)
B2: South Carolina State Housing Finance & Development Authority
B3: 2026 Tax-Exempt Bond Preliminary Application
B5: Development ID # | H5: Development Name: | P5: Date:
B6: (for Authority use only)
B8: Application Type: Selection made at Preliminary Application may not be changed
C10: PHA Set-Aside | G10: New Construction | J10: # Designed for Families Units
C12: State Tax Credits | G12: Acq/Rehabilitation | J12: # Older Persons (55+) Units
G14: Adaptive Reuse | J14: # Elderly Persons (62+) Units
B17: Development Information:
B19: Development Name: | D19: =J5 -> 0 | M19: County:
B21: Street Address: | M21: Group:
B23: City: | M23: Portfolio Transaction:
B25: State: | D25: SC | G25: Zip:
B28: Applicant Information:
B30: Entity Name:
B32: Developer Name:
B34: Contact Person:
B36: Telephone:
B38: Email:
B41: Tax Exempt Bond Information:
B43: Initial Application Information (Bond amount is updated at placed in service):
B45: Amount of Bond Request:
B47: Tax-Exempt Bond Percentage:
B50: Site Information
B52: USDA Eligible Area? | D52: Search Here | G52: Y/N | K52: Congressional District # :
B54: Located in a Qualified Census Tract? | G54: Y/N | K54: State Senate District # :
B56: Located in a Difficult Development Area? | G56: Y/N | K56: State House District # :
B58: Coordinates for development centroid to the 5th decimal place: | K58: Census Tract #:
B60: Latitude: | E60: Longitude:
B63: Cost Summary:
B65: Hard Construction Costs = | G65: ='5'!D16+SUM('5'!D18:D22) -> 0
B67: Hard Costs = | G67: ='5'!D10+'5'!D16+SUM('5'!D18:D23)+'5'!D52 -> 0
B69: Hard Costs / Total Development Costs = | G69: =G67/'5'!D110 -> 0 | H69: Must be 65% or greater
B72: Contractor Cost Limits:
B74: General Requirements / Hard Construction Costs = | I74: =ROUND('5'!D24/G65,4) -> #DIV/0! | K74: Must be 6% or less
B76: Contractor Profit and Overhead / Hard Construction Costs = | I76: =ROUND(('5'!D25+'5'!D26)/G65,4) -> #DIV/0! | K76: Must be 8% or less
B78: Contractor Contingency / Hard Construction Costs = | I78: =ROUND('5'!D23/G65,4) -> #DIV/0! | K78: Must be 5% or less for NC, 10% or less for A/R
B80: For Year: 2026

Sheet 2
B1: 2026 QAP (Qualified Allocation Plan)
B2: ='1'!J5 -> 0 | P2: ='1'!Q5 -> 0
B4: Site Control (Parcel 1):
B6: Control: | F6: Expiration Date: | M6: If Land Lease, how much annual debt?
B8: Acres: | F8: Total Cost of Land:
B10: Seller(s) - this name must be on current recorded deed:
B12: TMS #: | K12: Acres:
B14: Address: | K14: City:
B16: State: | F16: Zip:
B18: Is there a common ownership interest between the purchaser and seller? | K18: Y/N
B20: If yes, provide attorney opinion on whether the proposal qualifies for tax credits on acquisition costs.
B22: Site Control (Parcel 2):
B24: Control: | F24: Expiration Date: | M24: If Land Lease, how much annual debt?
B26: Acres: | F26: Total Cost of Land:
B28: Seller(s) - this name must be on current recorded deed:
B30: TMS #: | K30: Acres:
B32: Address: | K32: City:
B34: State: | F34: Zip:
B36: Is there a common ownership interest between the purchaser and seller? | K36: Y/N
B38: If yes, provide attorney opinion on whether the proposal qualifies for tax credits on acquisition costs.
B40: Site Control (Parcel 3):
B42: Control: | F42: Expiration Date: | M42: If Land Lease, how much annual debt?
B44: Acres: | F44: Total Cost of Land:
B46: Seller(s) - this name must be on current recorded deed:
B48: TMS #: | K48: Acres:
B50: Address: | K50: City:
B52: State: | F52: Zip:
B54: Is there a common ownership interest between the purchaser and seller? | K54: Y/N
B56: If yes, provide attorney opinion on whether the proposal qualifies for tax credits on acquisition costs.
B58: Site Control (Parcel 4):
B60: Control: | F60: Expiration Date: | M60: If Land Lease, how much annual debt?
B62: Acres: | F62: Total Cost of Land:
B64: Seller(s) - this name must be on current recorded deed:
B66: TMS #: | K66: Acres:
B68: Address: | K68: City:
B70: State: | F70: Zip:
B72: Is there a common ownership interest between the purchaser and seller? | K72: Y/N
B74: If yes, provide attorney opinion on whether the proposal qualifies for tax credits on acquisition costs.
B76: ='1'!B80 -> For Year: 2026

Sheet 3
C1: 2026 QAP (Qualified Allocation Plan)
C2: ='1'!J5 -> 0 | N2: ='1'!Q5 -> 0
C4: Development Targeting
C6: Minimum Set-Aside Requirements - Irrevocable Election (Check One)
D8: At least 20% of the rental units in this development will be rent restricted and occupied by individuals whose income is
D9: 50% or less of Area Median Income.
D11: At least 40% of the rental units in this development will be rent restricted and occupied by individuals whose income is
D12: 60% or less of Area Median Income.
D14: Income averaging option as defined in Section 42(g)(1)(C) of the Internal Revenue Code.
C16: The Authority will allow the applicant to petition the Authority on the fifth anniversary date of the placed-in-service date and every five years thereafter, to waive the special targeting of 50% of median income and increase the targeting to 60% of median income (provided the owner/applicant chose the 40/60 election) if (a) the development has had at least a two year history of vacancies averaging at least 20% which can be evidenced to the Authority through project audits and/or (b) the Applicant can demonstrate that other conditions exist which threaten the economic viability of the development. The Authority may grant or refuse any waiver requested in its sole discretion.
C22: Unit Details and Proposed Development Income:
C24: What's the effective date of the maximum allowable rents? | J24: LIHTC: | M24: HOME:
C26: Units Rent and Income -- Selection made at Preliminary Application for # of Units, Bedrooms, and Bathrooms may not be changed
C27: Type | D27: Unit Utility Type | E27: # of Units | F27: Beds | G27: Baths | H27: Square Footage | I27: Proposed Monthly Rent | J27: Utility Allowance | K27: Gross Rent | L27: Maximum Allowable Rent | M27: % AMGI | N27: Assistance Type | P27: Ttl Beds | Q27: Ttl SqFt | R27: Ttl Inc
B28: 1 | K28: =IF(C28="","",I28+J28) | P28: =IF(F28=0,(E28*1),E28*F28) -> 0 | Q28: =E28*H28 -> 0 | R28: =E28*I28*12 -> 0
B29: 2 | K29: =IF(C29="","",I29+J29) | P29: =IF(F29=0,(E29*1),E29*F29) -> 0 | Q29: =E29*H29 -> 0 | R29: =E29*I29*12 -> 0
B30: 3 | K30: =IF(C30="","",I30+J30) | P30: =IF(F30=0,(E30*1),E30*F30) -> 0 | Q30: =E30*H30 -> 0 | R30: =E30*I30*12 -> 0
B31: 4 | K31: =IF(C31="","",I31+J31) | P31: =IF(F31=0,(E31*1),E31*F31) -> 0 | Q31: =E31*H31 -> 0 | R31: =E31*I31*12 -> 0
B32: 5 | K32: =IF(C32="","",I32+J32) | P32: =IF(F32=0,(E32*1),E32*F32) -> 0 | Q32: =E32*H32 -> 0 | R32: =E32*I32*12 -> 0
B33: 6 | K33: =IF(C33="","",I33+J33) | P33: =IF(F33=0,(E33*1),E33*F33) -> 0 | Q33: =E33*H33 -> 0 | R33: =E33*I33*12 -> 0
B34: 7 | K34: =IF(C34="","",I34+J34) | P34: =IF(F34=0,(E34*1),E34*F34) -> 0 | Q34: =E34*H34 -> 0 | R34: =E34*I34*12 -> 0
B35: 8 | K35: =IF(C35="","",I35+J35) | P35: =IF(F35=0,(E35*1),E35*F35) -> 0 | Q35: =E35*H35 -> 0 | R35: =E35*I35*12 -> 0
B36: 9 | K36: =IF(C36="","",I36+J36) | P36: =IF(F36=0,(E36*1),E36*F36) -> 0 | Q36: =E36*H36 -> 0 | R36: =E36*I36*12 -> 0
B37: 10 | K37: =IF(C37="","",I37+J37) | P37: =IF(F37=0,(E37*1),E37*F37) -> 0 | Q37: =E37*H37 -> 0 | R37: =E37*I37*12 -> 0
B38: 11 | K38: =IF(C38="","",I38+J38) | P38: =IF(F38=0,(E38*1),E38*F38) -> 0 | Q38: =E38*H38 -> 0 | R38: =E38*I38*12 -> 0
B39: 12 | K39: =IF(C39="","",I39+J39) | P39: =IF(F39=0,(E39*1),E39*F39) -> 0 | Q39: =E39*H39 -> 0 | R39: =E39*I39*12 -> 0
... B47: 20 | K47: =IF(C47="","",I47+J47) | P47: =IF(F47=0,(E47*1),E47*F47) -> 0 | Q47: =E47*H47 -> 0 | R47: =E47*I47*12 -> 0
E48: =SUM(E28:E47) -> 0
C50: This column will be the reference for annual rental income calculation Tab 7 for LI and/or MR units.
C52: *Total Bedrooms = | E52: =SUM(P28:P47) -> 0 | G52: Total Residential Sqft = | J52: =SUM(Q28:Q47) -> 0 | K52: Total Annual Income = | M52: =SUM(R28:R47) -> 0
C54: *Total LI Units = | E54: =SUMIFS(E28:E47,C28:C47,"LI") -> 0 | G54: Total MR Units = | J54: =SUMIFS(E28:E47,C28:C47,"MR") -> 0 | K54: LI Unit Percentage = | M54: =IF(IFERROR(E54/E48,-1.5)=-1.5,0,E54/E48) -> 0
C55: *Total Bedrooms and Total LI Units cannot be changed from Preliminary to Full Applications
C57: Total LI Sqft = | E57: =SUMIFS(Q28:Q47,C28:C47,"LI") -> 0 | G57: Total MR Sqft = | J57: =SUMIFS(Q28:Q47,C28:C47,"MR") -> 0 | K57: LI Sqft Percentage = | M57: =IF(IFERROR(E57/J52,-1.5)=-1.5,0,E57/J52) -> 0
C59: Total Common Sqft: | G59: Total Non-Heated Sqft: | K59: Total Development Sqft = | M59: =J52+E59+J59 -> 0
C61: ='1'!B80 -> For Year: 2026

Sheet 4
B1: 2026 QAP (Qualified Allocation Plan)
B2: ='1'!J5 -> 0 | J2: ='1'!Q5 -> 0
B4: Funding:
B6: Attach a copy of the commitment letter, indicating the specific amount and purpose of its funding behind the appropriate Tab in the Application package.
B8: Section 1 - Tax Credit Funding, Deferred Developer Fees, and Equity
B9: Source Name | C9: Amount | D9: Designation | E9: Equity Factor | F9: Equity Provider
B10: Federal Tax Credit Equity | D10: Federal
B11: State Tax Credit Equity | D11: State
B12: Historic Tax Credit | D12: Federal
B13: Certified Historic Structure Credit | D13: State
B14: Textile Rehabilitation Credit | D14: State
B15: Abandoned Building Credit | D15: State
B16: Brownfields Cleanup Credit | D16: State
B17: Reinvestment Income
B18: Deferred Developer Fee
B19: Section 1 Total= | C19: =SUM(C10:C18) -> 0
B21: Section 2 - Permanent Financing (Not Contruction or Bridge Loans)
B22: Lender Name | C22: Amount | D22: Debt Service | E22: Interest Rate | F22: Amort | G22: Term | H22: Financing Source | I22: Financing Type | J22: Lien Position
D23: =IF(F23="","",IF(OR(I23="Forgivable Loan",I23="Grant"),0,ROUND(PMT(E23/12,F23*12,-C23)*12,2))) | J23: 1
D24: =IF(F24="","",IF(OR(I24="Forgivable Loan",I24="Grant"),0,ROUND(PMT(E24/12,F24*12,-C24)*12,2))) | J24: 2
D25: =IF(F25="","",IF(OR(I25="Forgivable Loan",I25="Grant"),0,ROUND(PMT(E25/12,F25*12,-C25)*12,2))) | J25: 3
D26: =IF(F26="","",IF(OR(I26="Forgivable Loan",I26="Grant"),0,ROUND(PMT(E26/12,F26*12,-C26)*12,2))) | J26: 4
B27: Section 2 Total= | C27: =SUM(C23:C26) -> 0 | D27: =SUM(D23:D26) -> 0
B28: Section 1 & 2 Total = | C28: =C19+C27 -> 0 | D28: This amount will be used to match development costs.
B30: Section 3 - Construction Loans and Bridge Financing
B31: Lender Name | C31: Amount | E31: Interest Rate | F31: Amort | G31: Term | H31: Financing Source | I31: Financing Type
B36: Section 3 Subtotal= | C36: =SUM(C32:D35) -> 0
B38: ='1'!B80 -> For Year: 2026

Sheet 5
C1: 2026 QAP (Qualified Allocation Plan)
C2: ='1'!J5 -> 0 | F2: ='1'!Q5 -> 0
C4: Development Costs:
D5: Development Costs | E5: 4% Basis (30%) - Acquisition | F5: 4% (30%) / 9% (70%) - New / Rehab. | H5: Summary of Const Cost Addm. | I5: Difference
C6: Acquisition
B7: 1 | C7: Land | D7: 0
B8: =B7+1 -> 2 | C8: Existing Structures | D8: 0 | E8: 0
B9: =B8+1 -> 3 | C9: Other (Specify) | D9: 0 | E9: 0 | F9: 0
D10: =SUM(D7:D9) -> 0 | E10: =SUM(E8:E9) -> 0 | F10: =SUM(F9) -> 0
C11: Site Work
B12: =B9+1 -> 4 | C12: On-Site Improvements | D12: 0 | E12: 0 | F12: 0
B13: =B12+1 -> 5 | C13: Off-Site Improvements | D13: 0 | E13: 0 | F13: 0
B14: =B13+1 -> 6 | C14: Demolition | D14: 0 | E14: 0 | F14: 0
B15: =B14+1 -> 7 | C15: Improvements | D15: 0 | E15: 0 | F15: 0
D16: =SUM(D12:D15) -> 0 | E16: =SUM(E12:E15) -> 0 | F16: =SUM(F12:F15) -> 0 | H16: ='Const Cost Addm'!D10 -> 0 | I16: =D16-H16 -> 0 | J16: =IF(I16=0,"ok","error, does not reconcile to the construction cost addendum") -> ok
C17: Rehabilitation and New Construction
B18: =B15+1 -> 8 | C18: New Construction | D18: =IF(OR('1'!$E$10="X",'1'!$E$14="X"),SUM('Const Cost Addm'!$D$11:$D$30),0) -> 0 | E18: 0 | F18: 0
B19: =B18+1 -> 9 | C19: Rehabilitation | D19: =IF('1'!E12="X",SUM('Const Cost Addm'!$D$11:$D$30),0) -> 0 | E19: 0 | F19: 0
B20: =B19+1 -> 10 | C20: Accessory Structures | D20: 0 | E20: 0 | F20: 0
B21: =B20+1 -> 11 | C21: Other Hard Construction Costs | D21: 0 | E21: 0 | F21: 0
B22: =B21+1 -> 12 | C22: Furniture, Fixtures, & Equipment | D22: ='Const Cost Addm'!D31 -> 0 | E22: 0 | F22: 0
B23: =B22+1 -> 13 | C23: Contractor Contingency | D23: 0 | E23: 0 | F23: 0
B24: =B23+1 -> 14 | C24: General Requirements | D24: 0 | E24: 0 | F24: 0
B25: =B24+1 -> 15 | C25: Contractor Profit | D25: 0 | E25: 0 | F25: 0
B26: =B25+1 -> 16 | C26: Contractor Overhead | D26: 0 | E26: 0 | F26: 0
D27: =SUM(D18:D26) -> 0 | E27: =SUM(E18:E26) -> 0 | F27: =SUM(F18:F26) -> 0 | H27: ='Const Cost Addm'!D40 -> 0 | I27: =D27-H27 -> 0
C28: Professional Fees | H28: =IF(D20>0, C20,"") | I28: =IF($I$27>0,D20*-1,"")
B29: =B26+1 -> 17 | C29: Architect Fee Design | D29: 0 | E29: 0 | F29: 0 | H29: =IF(D21>0, "Other Hard Costs","") | I29: =IF($I$27>0,D21*-1,"")
B30: =B29+1 -> 18 | C30: Architect Fee Construction Supervision | D30: 0 | E30: 0 | F30: 0 | I30: =IF(J27="ok","",SUM(I27:I29)) -> 0 | J30: =IF(I30=0,"ok","error, does not reconcile to the construction cost addendum") -> ok
B31: =B30+1 -> 19 | C31: Engineering Fees | D31: 0 | E31: 0 | F31: 0
B32: =B31+1 -> 20 | C32: Survey | D32: 0 | E32: 0 | F32: 0
B33: =B32+1 -> 21 | C33: Real Estate Attorney Fees | D33: 0 | E33: 0 | F33: 0
B34: =B33+1 -> 22 | C34: Tax Attorney Fees | D34: 0 | E34: 0 | F34: 0
B35: =B34+1 -> 23 | C35: Accountant | D35: 0 | E35: 0 | F35: 0
B36: =B35+1 -> 24 | C36: Green Certification | D36: 0 | E36: 0 | F36: 0
B37: =B36+1 -> 25 | C37: Other (Specify) | D37: 0 | E37: 0 | F37: 0
D38: =SUM(D29:D37) -> 0 | E38: =SUM(E29:E37) -> 0 | F38: =SUM(F29:F37) -> 0
C39: Construction Financing
B40: =B37+1 -> 26 | C40: Construction Loan Origination Fee | D40: 0 | E40: 0 | F40: 0
B41: =B40+1 -> 27 | C41: Construction Loan Interest Paid | D41: 0 | E41: 0 | F41: 0
B42: =B41+1 -> 28 | C42: Construction Loan Legal Fees | D42: 0 | E42: 0 | F42: 0
B43: =B42+1 -> 29 | C43: Construction Loan Credit Report | D43: 0 | E43: 0 | F43: 0
B44: =B43+1 -> 30 | C44: Construction Loan Title & Recording Costs | D44: 0 | E44: 0 | F44: 0
B45: =B44+1 -> 31 | C45: Inspection Fees | D45: 0 | E45: 0 | F45: 0
B46: =B45+1 -> 32 | C46: Other (Specify) | D46: 0 | E46: 0 | F46: 0
D47: =SUM(D40:D46) -> 0 | E47: =SUM(E40:E46) -> 0 | F47: =SUM(F40:F46) -> 0
C48: Construction Interim Costs
B49: =B46+1 -> 33 | C49: Construction Insurance | D49: 0 | E49: 0 | F49: 0
B50: =B49+1 -> 34 | C50: Performance Bond Premium | D50: 0 | E50: 0 | F50: 0
B51: =B50+1 -> 35 | C51: Construction Period Taxes | D51: 0 | E51: 0 | F51: 0
B52: =B51+1 -> 36 | C52: Tap Fees and Impact Fees | D52: 0 | E52: 0 | F52: 0
B53: =B52+1 -> 37 | C53: Permitting Fees | D53: 0 | E53: 0 | F53: 0
B54: =B53+1 -> 38 | C54: Other (Specify) | D54: 0 | E54: 0 | F54: 0
D55: =SUM(D49:D54) -> 0 | E55: =SUM(E49:E54) -> 0 | F55: =SUM(F49:F54) -> 0
C56: Permanent Financing
B57: =B54+1 -> 39 | C57: Permanent Loan Origination Fee | D57: 0
B58: =B57+1 -> 40 | C58: Bond Premium | D58: 0
B59: =B58+1 -> 41 | C59: Credit Enhancement | D59: 0
B60: =B59+1 -> 42 | C60: Permanent Loan Title & Recording | D60: 0
B61: =B60+1 -> 43 | C61: Counsels Fee | D61: 0
B62: =B61+1 -> 44 | C62: Lenders Counsel Fee | D62: 0
B63: =B62+1 -> 45 | C63: Credit Report | D63: 0
B64: =B63+1 -> 46 | C64: Mortgage Broker Fees | D64: 0
B65: =B64+1 -> 47 | C65: Permanent Loan Closing | D65: 0
B66: =B65+1 -> 48 | C66: Underwriter Discount | D66: 0
B67: =B66+1 -> 49 | C67: Attorney / Legal Fees | D67: 0
B68: =B67+1 -> 50 | C68: Other (Specify) | D68: 0
D69: =SUM(D57:D68) -> 0 | E69: 0 | F69: 0
C70: Soft Costs
B71: =B68+1 -> 51 | C71: Feasibility Study | D71: 0 | E71: 0 | F71: 0
B72: =B71+1 -> 52 | C72: Environmental Study | D72: 0 | E72: 0 | F72: 0
B73: =B72+1 -> 53 | C73: Appraisal Fees | D73: 0 | E73: 0 | F73: 0
B74: =B73+1 -> 54 | C74: Market Study | D74: 0 | E74: 0 | F74: 0
B75: =B74+1 -> 55 | C75: SC Housing Application Fee | D75: 6000
B76: =B75+1 -> 56 | C76: SC Housing Market Study | D76: 600
B77: =B76+1 -> 57 | C77: SC Housing Plan/Spec/Site Review | D77: 7000
B78: =B77+1 -> 58 | C78: SC Housing State Tax Credit Fee (10%) | D78: ='6'!N9*10% -> 0
B79: =B78+1 -> 59 | C79: SC Housing Bond Issuance (0.75%) | D79: ='1'!E45*0.75% -> 0
B80: =B79+1 -> 60 | C80: SC Housing Financial Advisor Fee (0.10%) | D80: ='1'!E45*0.1% -> 0
B81: =B80+1 -> 61 | C81: Compliance Fees | D81: =IF(OR('3'!$C$8="x",'3'!$C$11="x"),(80*'3'!$E$54),(130*'3'!$E$54)) -> 0
B82: =B81+1 -> 62 | C82: Cost Certification | D82: 0 | E82: 0 | F82: 0
B83: =B82+1 -> 63 | C83: Tenant Relocation Costs | D83: 0 | E83: 0 | F83: 0
B84: =B83+1 -> 64 | C84: Soil Testing | D84: 0 | E84: 0 | F84: 0
B85: =B84+1 -> 65 | C85: Physical Needs Assessment | D85: 0 | E85: 0 | F85: 0
B86: =B85+1 -> 66 | C86: Rent-Up Expenses | D86: 0
B87: =B86+1 -> 67 | C87: Marketing | D87: 0
B88: =B87+1 -> 68 | C88: Other (Specify) | D88: 0 | E88: 0 | F88: 0
D89: =SUM(D71:D88) -> 13600 | E89: =SUM(E71:E74)+SUM(E82:E85)+E88 -> 0 | F89: =SUM(F71:F74)+SUM(F82:F85)+F88 -> 0
C90: Syndication Costs
B91: =B88+1 -> 69 | C91: Organizational Expenses | D91: 0
B92: =B91+1 -> 70 | C92: Tax Opinion | D92: 0
B93: =B92+1 -> 71 | C93: Bridge Loan Fees | D93: 0
B94: =B93+1 -> 72 | C94: Syndication Fees | D94: 0
B95: =B94+1 -> 73 | C95: Other (Specify) | D95: 0
D96: =SUM(D91:D95) -> 0 | E96: 0 | F96: 0
C97: Developer Fees
B98: =B95+1 -> 74 | C98: Developer Overhead | D98: 0 | F98: 0
B99: =B98+1 -> 75 | C99: Developer Fee | D99: 0 | F99: 0
B100: =B99+1 -> 76 | C100: Project Consultant Fee | D100: 0 | F100: 0
B101: =B100+1 -> 77 | C101: Other (Specify) | D101: 0 | F101: 0
...

Sheet 6
B1: 2026 QAP (Qualified Allocation Plan)
B2: ='1'!J5 -> 0 | N2: ='1'!Q5 -> 0
B4: Syndication Information:
B6: Intend on syndicating tax credits for development? | H6: Y/N | I6: Anticipated Annual Federal Tax Credit Amount:
I7: Syndication Value Per Federal Tax Credit Dollar: | N7: ='4'!E10 -> 0
C9: Type of offering: | I9: Anticipated Annual State Tax Credit Amount:
I10: Syndication Value Per State Tax Credit Dollar: | N10: ='4'!E11 -> 0
C11: Type of investors:
I12: Expected Total Syndication Proceeds: | N12: ='4'!C10+'4'!C11 -> 0
B14: Federal Tax Credit Syndicator Information: | I14: State Tax Credit Syndicator Information:
B16: Name of Fund: | I16: Name of Fund:
B18: Syndicator: | I18: Syndicator:
B21: Development Cost Summary:
B23: Consult your tax attorney or tax accountant to determine which development costs should be included for tax credit purposes.
B25: Itemized Costs | H25: New Construction | K25: Acquisition/Rehabilitation | N25: Total
K26: Acquisition | L26: Rehabilitation
B28: Total Development Cost | H28: =IF(OR('1'!$E$10="X",'1'!$E$14="X"),'5'!$D$108,0) -> 0 | K28: =IF('1'!$E$12="X",'5'!$D$108,0) -> 0 | N28: =H28+K28 -> 0
B29: Less Ineligible Costs | H29: =IF(OR('1'!$E$10="X",'1'!$E$14="X"),'5'!$D$108-'5'!$F$108,0) -> 0 | K29: =IF('1'!$E$12="X",'5'!$D$108-'5'!$E$108-'5'!$F$108,0) -> 0 | N29: =H29+K29 -> 0
B30: Total Eligible Basis | H30: =H28-H29 -> 0 | K30: =IF('1'!$E$12="X",'6'!$K$28-'6'!$K$29-'5'!$F$108,0) -> 0 | L30: =K28-K29-K30 -> 0 | N30: =H30+K30+L30 -> 0
B31: Multiplied by Applicable Fraction | H31: =MIN('3'!$M$54:$M$57) -> 0 | K31: =MIN('3'!$M$54:$M$57) -> 0 | L31: =MIN('3'!$M$54:$M$57) -> 0
B32: QCT or DDA (basis boost) | H32: =IF(OR('1'!$H$54="Y",'1'!$H$56="Y"),"130%","100%") -> 100% | K32: 1 | L32: =IF(OR('1'!$H$54="Y",'1'!$H$56="Y"),"130%","100%") -> 100%
B33: Total Qualified Basis | H33: =H30*H31*H32 -> 0 | K33: =K30*K31*K32 -> 0 | L33: =L30*L31*L32 -> 0 | N33: =H33+K33+L33 -> 0
B35: ='1'!B80 -> For Year: 2026

Sheet Const Cost Addm
B1: 2026 QAP (Qualified Allocation Plan)
B2: ='1'!J5 -> 0 | J2: ='1'!Q5 -> 0
B4: AIA Document G702
B5: A | C5: B | D5: C | E5: D | F5: E | G5: F | H5: G | J5: H
E6: WORK COMPLETED | H6: COMPLETED | I6: COMPLETION % (G/C) | J6: BALANCE TO FINISH (C-G)
B7: ITEM | C7: DESCRIPTION OF WORK | D7: SCHEDULED | E7: PREVIOUS | F7: THIS APPLICATION | H7: AND STORED
B8: NO. | D8: VALUE | E8: APPLICATIONS | F8: WORK | G8: STORED | H8: TO DATE
F9: IN PLACE | G9: (NOT IN D OR E) | H9: (D+E+F)
B10: 1 | C10: Site Work | D10: 0 | E10: 0 | F10: 0 | G10: 0 | H10: =E10+F10+G10 -> 0 | I10: =H10/D10 -> #DIV/0! | J10: =D10-H10 -> 0
B11: 2 | C11: Landscaping & Amenities | D11: 0 | E11: 0 | F11: 0 | G11: 0 | H11: =E11+F11+G11 -> 0 | I11: =H11/D11 -> #DIV/0! | J11: =D11-H11 -> 0
B12: 3 | C12: Concrete | D12: 0 | E12: 0 | F12: 0 | G12: 0 | H12: =E12+F12+G12 -> 0 | I12: =H12/D12 -> #DIV/0! | J12: =D12-H12 -> 0
B13: 4 | C13: Masonry | D13: 0 | E13: 0 | F13: 0 | G13: 0 | H13: =E13+F13+G13 -> 0 | I13: =H13/D13 -> #DIV/0! | J13: =D13-H13 -> 0
B14: 5 | C14: Metals | D14: 0 | E14: 0 | F14: 0 | G14: 0 | H14: =E14+F14+G14 -> 0 | I14: =H14/D14 -> #DIV/0! | J14: =D14-H14 -> 0
B15: 6 | C15: Framing / Rough Carpentry | D15: 0 | E15: 0 | F15: 0 | G15: 0 | H15: =E15+F15+G15 -> 0 | I15: =H15/D15 -> #DIV/0! | J15: =D15-H15 -> 0
B16: 7 | C16: Finish / Trim Carpentry | D16: 0 | E16: 0 | F16: 0 | G16: 0 | H16: =E16+F16+G16 -> 0 | I16: =H16/D16 -> #DIV/0! | J16: =D16-H16 -> 0
B17: 8 | C17: Insulation | D17: 0 | E17: 0 | F17: 0 | G17: 0 | H17: =E17+F17+G17 -> 0 | I17: =H17/D17 -> #DIV/0! | J17: =D17-H17 -> 0
B18: 9 | C18: Roofing & Gutters | D18: 0 | E18: 0 | F18: 0 | G18: 0 | H18: =E18+F18+G18 -> 0 | I18: =H18/D18 -> #DIV/0! | J18: =D18-H18 -> 0
B19: 10 | C19: Siding / Soffit / Fascia | D19: 0 | E19: 0 | F19: 0 | G19: 0 | H19: =E19+F19+G19 -> 0 | I19: =H19/D19 -> #DIV/0! | J19: =D19-H19 -> 0
B20: 11 | C20: Doors & Windows | D20: 0 | E20: 0 | F20: 0 | G20: 0 | H20: =E20+F20+G20 -> 0 | I20: =H20/D20 -> #DIV/0! | J20: =D20-H20 -> 0
B21: 12 | C21: Drywall / Acoustics/Paint | D21: 0 | E21: 0 | F21: 0 | G21: 0 | H21: =E21+F21+G21 -> 0 | I21: =H21/D21 -> #DIV/0! | J21: =D21-H21 -> 0
... B31: 22 | C31: Furniture, Fixtures, & Equipment | D31: 0 | E31: 0 | F31: 0 | G31: 0 | H31: =E31+F31+G31 -> 0 | I31: =H31/D31 -> #DIV/0! | J31: =D31-H31 -> 0
C32: Total Construction | D32: =SUM(D10:D31) -> 0 | E32: =SUM(E10:E31) -> 0 | F32: =SUM(F10:F31) -> 0 | G32: =SUM(G10:G31) -> 0 | H32: =E32+F32+G32 -> 0 | I32: =H32/D32 -> #DIV/0! | J32: =D32-H32 -> 0
C34: Contingency (max 5% NC / 10% Acq/Rehab/Reuse) | D34: ='5'!D23 -> 0
C35: General Requirements (max 6%) | D35: ='5'!D24 -> 0
C36: Contractor Profit and Overhead (max 8%) | D36: ='5'!D25+'5'!D26 -> 0
C38: Total Project Development | D38: =D32+D34+D35+D36 -> 0
C40: Total Project Development (less site work) | D40: =D38-D10 -> 0
C42: Construction Cost Addendum Certification: I certify that to the best of my knowledge all known relevant factors affecting the cost of construction have been taken into consideration in the preparation of this construction cost addendum. I have been provided a copy of the 2024 Qualified Allocation Plan and the estimated costs necessary to build the project in accordance with the Development Design Criteria have been incorporated into the addendum. I have been provided and have reviewed the plans and specifications. I have been provided and have reviewed the geotechnical reports and the estimated costs for all recommendations have been incorporated into the addendum. If applicable, I have been provided and have reviewed the asbestos and/or lead-based paint assessment reports and taken into consideration the estimated costs necessary to remediate and/or abate these materials in accordance with federal and state regulations. If applicable, I have also taken into consideration the costs necessary to build the project in accordance with the sustainable building certification selected by the project owner.
C44: The credentials of the preparer of the construction cost addendum must be submitted with the application.
C46: Reviewed and approved for submission by:
I47: <--- to be completed by an Estimator, Contractor, Architect, or Engineer
C49: (Name & Title)
C53: (Signature) | G53: (Date)
E55: Phone:
E56: Fax:
C57: (Company / Firm Name) | E57: Email:
B59: ='1'!B80 -> For Year: 2026 | J59: Construction Cost Addendum

Sheet Tables
A1: StateName | B1: StA | D1: General | F1: Tab 1 | G1: Tab 3 | H1: Tab 4 | J1: Tab 6 | L1: Tab5 | N1: Tab 7 | P1: Tab 9 | U1: Tab 10 | W1: Tab 11
A2: Alabama | B2: AL | D2: Y | F2: HOME | G2: Site Control | H2: Utility Allowance Source | J2: Foundation Type | L2: Acquired From | N2: Type | P2: Source Code | Q2: Description | R2: Emphasys | S2: Code | U2: DevType1 | W2: Offering
A3: Alaska | B3: AK | D3: N | F3: Fixed | G3: Deed | H3: State Housing Authority | J3: Slab on Grade | L3: Related Party | N3: LI | P3: A | Q3: Tax Credit Equity | R3: Federal | S3: 11 | U3: Homeless | W3: Public
A4: Arizona | B4: AZ | D4: N/A | F4: Floating | G4: Purchase Option | H4: HUD (developments with HUD PBRA) | J4: Crawl Space | L4: Unrelated Party | N4: MR | P4: B | Q4: State Tax Credit | R4: State Government | S4: 16 | U4: Developmentally or Physically Disabled | W4: Private
A5: Arkansas | B5: AR | G5: Purchase Contract | H5: Rural Housing Service | J5: Partial Basement | N5: EMP | P5: C | Q5: HOME (State) | R5: State Government | S5: 16 | U5: Older Persons (ages 55+)
A6: California | B6: CA | F6: Application Type | G6: Land Lease/Option | H6: Local Public Housing Authority | L6: Basis | P6: D | Q6: Conventional Financing | R6: Conventional | S6: 10 | U6: Persons with Mental Illness | W6: Investors
A7: Colorado | B7: CO | F7: 4% TEB Preliminary Application | H7: Engineered Energy Consumption Model | J7: Construction Type | L7: Buyer's Basis | P7: E | Q7: Historic Tax Credits | R7: Federal | S7: 11 | U7: Persons with HIV / AIDS | W7: Individuals
A8: Connecticut | B8: CT | F8: Initial Application | H8: HUD Utility Schedule Model | J8: Apartment | K8: 8 | L8: Seller's Basis | N8: % AMGI | P8: F | Q8: Federal Home Loan Bank | R8: Federal | S8: 11 | W8: Corporations
A9: Delaware | B9: DE | F9: Verification of 10% Expenditure | J9: Lowrise | K9: 11 | N9: 20 | P9: G | Q9: RHS | R9: Federal | S9: 11 | U9: DevType2
A10: Florida | B10: FL | F10: Placed-In-Service | H10: Utilities Paid By | J10: Single Family | K10: 10 | N10: 30 | P10: H | Q10: CDGB | R10: Federal | S10: 11 | U10: 100% Detached Single Family
A11: Georgia | B11: GA | H11: Development Paid | I11: 1 | J11: Detached | K11: 4 | N11: 40 | P11: I | Q11: HOME (PJ) | R11: Local Government | S11: 12 | U11: 100% Duplex
A12: Hawaii | B12: HI | F12: Counties | H12: Tenant Paid | I12: 2 | J12: Mobile Home | K12: 6 | N12: 50 | P12: J | Q12: HUD (Specify program) | R12: Federal | S12: 11 | U12: 24 Units or Less (Rehab Only)
A13: Idaho | B13: ID | N13: 60 | P13: K | Q13: Other: | R13: Other | S13: 13 | U13: Adaptive Reuse
A14: Illinois | B14: IL | F14: Abbeville | H14: Heating | N14: 70 | P14: L | Q14: Other: | R14: Other | S14: 13
A15: Indiana | B15: IN | F15: Aiken | H15: Natural Gas | N15: 80
A16: Iowa | B16: IA | F16: Allendale | H16: Bottled Gas | N16: 120 | P16: Finance Type
A17: Kansas | B17: KS | F17: Anderson | H17: Electric Resistence | P17: 1 | Q17: Construction Financing | R17: Construction Financing | S17: 22
A18: Kentucky | B18: KY | F18: Bamberg | H18: Electric Heat Pump | N18: Unit Restriction Type | P18: 2 | Q18: Permanent Financing | R18: Permanent Financing | S18: 21
A19: Louisiana | B19: LA | F19: Barnwell | H19: Fuel Oil | N19: LIHTC Assisted | O19: 14 | P19: 3 | Q19: Equity | R19: Equity | S19: 30
A20: Maine | B20: ME | F20: Beaufort | N20: Market Rate | O20: 15 | P20: 4 | Q20: Bridge Financing | R20: Bridge Financing | S20: 36
A21: Maryland | B21: MD | F21: Berkeley | H21: Cooking | N21: Common Use | O21: 9 | P21: 5 | Q21: Forgivable Loan | R21: Loan, Forgivable | S21: 17
A22: Massachusetts | B22: MA | F22: Calhoun | H22: Natural Gas | N22: HOME Assisted | O22: 12 | P22: 6 | Q22: Grant | R22: Grant | S22: 12
A23: Michigan | B23: MI | F23: Charleston | H23: Bottled Gas | N23: Section 8 Assisted
A24: Minnesota | B24: MN | F24: Cherokee | H24: Electric | I24: 1 | M24: 1 | N24: Other | O24: 25 | P24: TEB Type
A25: Mississippi | B25: MS | F25: Chester | H25: Other | P25: Local
A26: Missouri | B26: MO | F26: Chesterfield | N26: Construction Type | P26: SC Housing
A27: Montana | B27: MT | F27: Clarendon | H27: Other Electric | N27: Larger Apartment Bldgs. (5+ units) | O27: 8
A28: Nebraska | B28: NE | F28: Colleton | H28: Electric | N28: Lowrise Apartment (2-4 units) | O28: 11
A29: Nevada | B29: NV | F29: Darlington | N29: Single Family Attached | O29: 10
A30: New Hampshire | B30: NH | F30: Dillon | H30: Air Conditioning | N30: Single Family Detached | O30: 4
A31: New Jersey | B31: NJ | F31: Dorchester | H31: Electric | N31: Manufactured Home | O31: 6
A32: New Mexico | B32: NM | F32: Edgefield
A33: New York | B33: NY | F33: Fairfield | H33: Water Heating
A34: North Carolina | B34: NC | F34: Florence | H34: Natural Gas
A35: North Dakota | B35: ND | F35: Georgetown | H35: Bottled Gas
A36: Ohio | B36: OH | F36: Greenville | H36: Electric | M36: 1
A37: Oklahoma | B37: OK | F37: Greenwood | H37: Fuel Oil
A38: Oregon | B38: OR | F38: Hampton
A39: Pennsylvania | B39: PA | F39: Horry
A40: Rhode Island | B40: RI | F40: Jasper
A41: South Carolina | B41: SC | F41: Kershaw
A42: South Dakota | B42: SD | F42: Lancaster
A43: Tennessee | B43: TN | F43: Laurens
A44: Texas | B44: TX | F44: Lee
A45: Utah | B45: UT | F45: Lexington
A46: Vermont | B46: VT | F46: Marion
A47: Virginia | B47: VA | F47: Marlboro
A48: Washington | B48: WA | F48: McCormick
A49: West Virginia | B49: WV | F49: Newberry
... A51: Wyoming | B51: WY | F51: Orangeburg
F52: Pickens
F53: Richland
F54: Saluda
F55: Spartanburg
F56: Sumter
F57: Union
F58: Williamsburg
F59: York

Sheet References
A1: Ord | B1: T | C1: Section | D1: O | E1: Cell | F1: Question | G1: DataType | H1: Notes | I1: InEmp | J1: EMPSection | K1: Conversion
A2: 1 | B2: 1 | C2: Top | E2: ='1'!J5 -> 0 | F2: ='1'!H5 -> Development Name: | G2: Text | I2: Created prior to "push"
A3: 2 | B3: 1 | C3: Top | E3: ='1'!Q5 -> 0 | F3: ='1'!P5 -> Date: | G3: Date | I3: Yes | J3: Project Name and Address | K3: =IF(E3=0,"",E3)
A4: 3 | B4: 1 | C4: Top | E4: ='1'!#REF! -> #REF! | F4: ='1'!#REF! -> #REF! | I4: No
A5: 4 | B5: 1 | C5: Application Type: | E5: ='1'!#REF! -> #REF! | F5: ='1'!#REF! -> #REF! | I5: No
A6: 5 | B6: 1 | C6: Application Type: | E6: ='1'!B10 -> 0 | F6: ='1'!C10 -> PHA Set-Aside | I6: No
A7: 6 | B7: 1 | C7: Application Type: | E7: ='1'!B12 -> 0 | F7: ='1'!#REF! -> #REF! | I7: No
A8: 7 | B8: 1 | C8: Application Type: | E8: ='1'!#REF! -> #REF! | F8: ='1'!C12 -> State Tax Credits | I8: No
A9: 8 | B9: 1 | C9: Application Type: | E9: ='1'!E10 -> 0 | F9: ='1'!G10 -> New Construction | G9: Boolean | I9: Yes | J9: Project Information | K9: =IF(E9="x",1,IF(E9="Yes",1,""))
A10: 9 | B10: 1 | C10: Application Type: | E10: ='1'!#REF! -> #REF! | F10: ='1'!#REF! -> #REF! | G10: Boolean | I10: Yes | J10: Project Information | K10: =IF(E10="x",1,IF(E10="Yes",1,"")) -> #REF!
A11: 10 | B11: 1 | C11: Application Type: | E11: ='1'!E12 -> 0 | F11: ='1'!#REF! -> #REF! | G11: Boolean | I11: Yes | J11: Project Information | K11: =IF(E11="x",1,IF(E11="Yes",1,""))
A12: 11 | B12: 1 | C12: Application Type: | E12: ='1'!E14 -> 0 | F12: ='1'!G12 -> Acq/Rehabilitation | G12: Boolean | I12: Yes | J12: Project Information
A13: 12 | B13: 1 | C13: Application Type: | E13: ='1'!#REF! -> #REF! | F13: ='1'!G14 -> Adaptive Reuse | G13: Boolean | I13: Custom-Yes | J13: Project Information | K13: =IF(E13="x",1,IF(E13="Yes",1,"")) -> #REF!
A14: 13 | B14: 1 | C14: Application Type: | E14: ='1'!K10 -> 0 | F14: ='1'!M10 -> 0 | I14: No
A15: 14 | B15: 1 | C15: Application Type: | E15: ='1'!K14 -> 0 | F15: ='1'!M14 -> 0 | I15: No
A16: 15 | B16: 1 | C16: Application Type: | E16: ='1'!#REF! -> #REF! | F16: ='1'!#REF! -> #REF! | G16: Number | I16: Yes | J16: Project Information | K16: =IF(E16=0,"",E16) -> #REF!
A17: 16 | B17: 1 | C17: Application Type: | E17: ='1'!#REF! -> #REF! | F17: ='1'!#REF! -> #REF! | G17: Number | I17: Yes | J17: Project Information | K17: =IF(E17=0,"",E17) -> #REF!
A18: 17 | B18: 1 | C18: Application Type: | E18: ='1'!#REF! -> #REF! | F18: ='1'!#REF! -> #REF! | G18: Number | H18: Corrected | I18: Yes | J18: Project Information
A19: 18 | B19: 1 | C19: Application Type: | E19: ='1'!#REF! -> #REF! | F19: ='1'!#REF! -> #REF! | H19: Auto | I19: Yes | J19: Project Information
A20: 19 | B20: 1 | C20: Application Type: | E20: ='1'!I10 -> 0 | F20: ='1'!J10 -> # Designed for Families Units | G20: Number | I20: Yes | J20: Targeting | K20: =IF(E20=0,"",E20)
A21: 20 | B21: 1 | C21: Application Type: | E21: ='1'!I12 -> 0 | F21: ='1'!J12 -> # Older Persons (55+) Units | G21: Text | I21: Yes | J21: Targeting
A22: 21 | B22: 1 | C22: Application Type: | E22: ='1'!I14 -> 0 | F22: ='1'!J14 -> # Elderly Persons (62+) Units | G22: Number | I22: Yes | J22: Targeting | K22: =IF(E22=0,"",E22)
A23: 22 | B23: 1 | C23: Application Type: | E23: ='1'!#REF! -> #REF! | F23: ='1'!#REF! -> #REF! | G23: Number | I23: Yes | J23: Targeting
A24: 23 | B24: 1 | C24: Application Type: | E24: ='1'!#REF! -> #REF! | F24: ='1'!#REF! -> #REF! | G24: Number | I24: Yes | J24: Targeting | K24: =IF(E24=0,"",E24) -> #REF!
A25: 24 | B25: 1 | C25: Application Type: | E25: ='1'!#REF! -> #REF! | F25: ='1'!#REF! -> #REF! | G25: Number | I25: Yes | J25: Targeting
A26: 25 | B26: 1 | C26: Application Type: | E26: ='1'!#REF! -> #REF! | F26: ='1'!#REF! -> #REF! | I26: No
A27: 26 | B27: 1 | C27: Application Type: | E27: ='1'!#REF! -> #REF! | F27: ='1'!#REF! -> #REF! | I27: No | K27: =IF(E27=0,"",E27) -> #REF!
A28: 27 | B28: 1 | C28: Application Type: | E28: ='1'!#REF! -> #REF! | F28: ='1'!#REF! -> #REF! | G28: Number | I28: Yes | J28: HOME Program Information | K28: =IF(E28=0,"",E28) -> #REF!
A29: 28 | B29: 1 | C29: Application Type: | E29: ='1'!#REF! -> #REF! | F29: ='1'!#REF! -> #REF! | G29: Decimal | I29: Yes | J29: HOME Program Information
A30: 29 | B30: 1 | C30: Application Type: | E30: ='1'!#REF! -> #REF! | F30: ='1'!#REF! -> #REF! | G30: Text | H30: Change | I30: Custom-Yes | J30: HOME Program Information
A31: 30 | B31: 1 | C31: Application Type: | E31: ='1'!#REF! -> #REF! | F31: ='1'!#REF! -> #REF! | G31: Text | H31: Change | I31: No | J31: Targeting | K31: =IF(E31=0,"",E31) -> #REF! | L31: Known Issue
A32: 31 | B32: 1 | C32: Applicant Information: | E32: ='1'!N19 -> 0 | F32: ='1'!M19 -> County: | G32: Text | H32: Issue | I32: Created prior to "push" | J32: Project Name and Address | K32: =IF(E32=0,"",E32) | L32: Known Issue
A33: 32 | B33: 1 | C33: Applicant Information: | E33: ='1'!Q19 -> 0 | F33: ='1'!P19 -> 0 | I33: No
A34: 33 | B34: 1 | C34: Applicant Information: | E34: ='1'!D21 -> 0 | F34: ='1'!B21 -> Street Address: | G34: Text | I34: Created prior to "push" | J34: Project Name and Address | K34: =IF(E34=0,"",E34)
A35: 34 | B35: 1 | C35: Applicant Information: | E35: ='1'!#REF! -> #REF! | F35: ='1'!M21 -> Group: | I35: No
A36: 35 | B36: 1 | C36: Applicant Information: | E36: ='1'!D23 -> 0 | F36: ='1'!B23 -> City: | G36: Text | H36: Issue | I36: Created prior to "push" | J36: Project Name and Address | K36: =IF(E36=0,"",E36) | L36: Known Issue
A37: 36 | B37: 1 | C37: Applicant Information: | E37: ='1'!#REF! -> #REF! | F37: ='1'!M23 -> Portfolio Transaction: | G37: Text | H37: Change | I37: Yes | J37: Project Name and Address | K37: =IF(E37=0,"",E37) -> #REF!
A38: 37 | B38: 1 | C38: Applicant Information: | E38: ='1'!D25 -> SC | F38: ='1'!B25 -> State: | G38: Text | H38: Issue | I38: Created prior to "push" | J38: Project Name and Address | K38: =IF(E38=0,"",E38) -> SC
A39: 38 | B39: 1 | C39: Applicant Information: | E39: ='1'!H25 -> 0 | F39: ='1'!G25 -> Zip: | G39: Number | I39: Created prior to "push" | J39: Project Name and Address | K39: =IF(E39=0,"",E39)
A40: 39 | B40: 1 | C40: Applicant Information: | E40: ='1'!N25 -> 0 | F40: ='1'!K25 -> 0 | I40: No
A41: 40 | B41: 1 | C41: Applicant Information: | E41: ='1'!#REF! -> #REF! | F41: ='1'!#REF! -> #REF! | I41: No
A42: 41 | B42: 1 | C42: Applicant Information: | E42: ='1'!#REF! -> #REF! | F42: ='1'!#REF! -> #REF! | I42: No
A43: 42 | B43: 1 | C43: Applicant Information: | E43: ='1'!#REF! -> #REF! | F43: ='1'!#REF! -> #REF! | I43: No
A44: 43 | B44: 1 | C44: Applicant Information: | E44: ='1'!B38 -> Email: | F44: ='1'!C38 -> 0 | I44: No
A45: 44 | B45: 1 | C45: Applicant Information: | E45: ='1'!#REF! -> #REF! | F45: Other - Identified | I45: No
A46: 45 | B46: 1 | C46: Applicant Information: | E46: ='1'!D30 -> 0 | F46: ='1'!B30 -> Entity Name: | G46: Text | I46: Created prior to "push"
A47: 46 | B47: 1 | C47: Applicant Information: | E47: ='1'!D34 -> 0 | F47: ='1'!B34 -> Contact Person: | G47: Text | I47: Created prior to "push"
A48: 47 | B48: 1 | C48: Applicant Information: | E48: ='1'!H36 -> 0 | F48: ='1'!G36 -> 0 | G48: Text | I48: Created prior to "push"
A49: 48 | B49: 1 | C49: Applicant Information: | E49: ='1'!M36 -> 0 | F49: ='1'!K36 -> 0 | G49: Text | I49: Created prior to "push"
A50: 49 | B50: 1 | C50: Applicant Information: | E50: ='1'!Q36 -> 0 | F50: ='1'!P36 -> 0 | G50: Text | I50: Created prior to "push"
A51: 50 | B51: 1 | C51: Applicant Information: | E51: ='1'!H38 -> 0 | F51: ='1'!G38 -> 0 | G51: Text | I51: Created prior to "push"
A52: 51 | B52: 1 | C52: Applicant Information: | E52: ='1'!#REF! -> #REF! | F52: ='1'!#REF! -> #REF! | G52: Text | I52: Created prior to "push"
A53: 52 | B53: 1 | C53: Applicant Information: | E53: ='1'!#REF! -> #REF! | F53: ='1'!#REF! -> #REF! | G53: Text | I53: Created prior to "push"
A54: 53 | B54: 1 | C54: Applicant Information: | E54: ='1'!D36 -> 0 | F54: ='1'!B36 -> Telephone: | G54: Text | I54: Created prior to "push"
A55: 54 | B55: 1 | C55: Applicant Information: | E55: ='1'!#REF! -> #REF! | F55: ='1'!#REF! -> #REF! | G55: Text | I55: Created prior to "push"
A56: 55 | B56: 1 | C56: Applicant Information: | E56: ='1'!#REF! -> #REF! | F56: ='1'!#REF! -> #REF! | I56: No
A57: 56 | B57: 1 | C57: Applicant Information: | E57: ='1'!#REF! -> #REF! | F57: ='1'!#REF! -> #REF! | I57: No
A58: 57 | B58: 1 | C58: Applicant Information: | E58: ='1'!#REF! -> #REF! | F58: ='1'!#REF! -> #REF! | I58: No
A59: 58 | B59: 1 | C59: Applicant Information: | E59: ='1'!#REF! -> #REF! | F59: ='1'!#REF! -> #REF! | I59: No
A60: 59 | B60: 2 | C60: Applicant Information: | D60: 1 | E60: =#REF! -> #REF! | F60: =#REF! -> #REF! | I60: Contacts-Yes
A61: 60 | B61: 2 | C61: Applicant Information: | D61: 2 | E61: =#REF! -> #REF! | F61: =#REF! -> #REF! | I61: Contacts-Yes
A62: 61 | B62: 2 | C62: Applicant Information: | D62: 3 | E62: =#REF! -> #REF! | F62: =#REF! -> #REF! | I62: Contacts-Yes
A63: 62 | B63: 2 | C63: Applicant Information: | D63: 4 | E63: =#REF! -> #REF! | F63: =#REF! -> #REF! | I63: Contacts-Yes
A64: 63 | B64: 2 | C64: Applicant Information: | D64: 1 | E64: =#REF! -> #REF! | F64: =#REF! -> #REF! | I64: Contacts-Yes
A65: 64 | B65: 2 | C65: Applicant Information: | D65: 2 | E65: =#REF! -> #REF! | F65: =#REF! -> #REF! | I65: Contacts-Yes
A66: 65 | B66: 2 | C66: Applicant Information: | D66: 3 | E66: =#REF! -> #REF! | F66: =#REF! -> #REF! | I66: Contacts-Yes
A67: 66 | B67: 2 | C67: Applicant Information: | D67: 4 | E67: =#REF! -> #REF! | F67: =#REF! -> #REF! | I67: Contacts-Yes
A68: 67 | B68: 2 | C68: Applicant Information: | D68: 1 | E68: =#REF! -> #REF! | F68: =#REF! -> #REF! | I68: Contacts-Yes
A69: 68 | B69: 2 | C69: Applicant Information: | D69: 2 | E69: =#REF! -> #REF! | F69: =#REF! -> #REF! | I69: Contacts-Yes
A70: 69 | B70: 2 | C70: Applicant Information: | D70: 3 | E70: =#REF! -> #REF! | F70: =#REF! -> #REF! | I70: Contacts-Yes
A71: 70 | B71: 2 | C71: Applicant Information: | D71: 4 | E71: =#REF! -> #REF! | F71: =#REF! -> #REF! | I71: Contacts-Yes
A72: 71 | B72: 2 | C72: Applicant Information: | E72: =#REF! -> #REF! | F72: =#REF! -> #REF! | G72: Text | I72: Created prior to "push"
A73: 72 | B73: 2 | C73: Applicant Information: | E73: =#REF! -> #REF! | F73: =#REF! -> #REF! | G73: Text | I73: Created prior to "push"
A74: 73 | B74: 2 | C74: Applicant Information: | E74: =#REF! -> #REF! | F74: =#REF! -> #REF! | G74: Text | I74: Created prior to "push"
A75: 74 | B75: 2 | C75: Applicant Information: | E75: =#REF! -> #REF! | F75: =#REF! -> #REF! | G75: Text | I75: Created prior to "push"
A76: 75 | B76: 2 | C76: Applicant Information: | E76: =#REF! -> #REF! | F76: =#REF! -> #REF! | G76: Text | I76: Created prior to "push"
A77: 76 | B77: 2 | C77: Applicant Information: | E77: =#REF! -> #REF! | F77: =#REF! -> #REF! | I77: No
A78: 77 | B78: 2 | C78: Applicant Information: | E78: =#REF! -> #REF! | F78: =#REF! -> #REF! | G78: Boolean | I78: Created prior to "push"
A79: 78 | B79: 2 | C79: Applicant Information: | E79: =#REF! -> #REF! | F79: =#REF! -> #REF! | I79: No
A80: 79 | B80: 2 | C80: Applicant Information: | E80: =#REF! -> #REF! | F80: =#REF! -> #REF! | G80: Text | I80: Created prior to "push"
A81: 80 | B81: 2 | C81: Applicant Information: | E81: =#REF! -> #REF! | F81: =#REF! -> #REF! | G81: Text | I81: Created prior to "push"
A82: 81 | B82: 2 | C82: Applicant Information: | E82: =#REF! -> #REF! | F82: =#REF! -> #REF! | G82: Text | I82: Created prior to "push"
A83: 82 | B83: 2 | C83: Applicant Information: | E83: =#REF! -> #REF! | F83: =#REF! -> #REF! | G83: Text | I83: Created prior to "push"
A84: 83 | B84: 2 | C84: Applicant Information: | E84: =#REF! -> #REF! | F84: =#REF! -> #REF! | I84: No
A85: 84 | B85: 2 | C85: Applicant Information: | E85: =#REF! -> #REF! | F85: =#REF! -> #REF! | I85: No
A86: 85 | B86: 2 | C86: Applicant Information: | E86: =#REF! -> #REF! | F86: =#REF! -> #REF! | I86: No
A87: 86 | B87: 2 | C87: Applicant Information: | E87: =#REF! -> #REF! | F87: =#REF! -> #REF! | I87: No
A88: 87 | B88: 2 | C88: Applicant Information: | E88: =#REF! -> #REF! | F88: =#REF! -> #REF! | I88: No
A89: 88 | B89: 2 | C89: Applicant Information: | E89: =#REF! -> #REF! | F89: =#REF! -> #REF! | I89: No
A90: 89 | B90: 2 | C90: Applicant Information: | E90: =#REF! -> #REF! | F90: =#REF! -> #REF! | I90: No
A91: 90 | B91: 2 | C91: Applicant Information: | E91: =#REF! -> #REF! | F91: =#REF! -> #REF! | I91: No
A92: 91 | B92: 2 | C92: Applicant Information: | E92: =#REF! -> #REF! | F92: =#REF! -> #REF! | I92: No
A93: 92 | B93: 2 | C93: Applicant Information: | E93: =#REF! -> #REF! | F93: =#REF! -> #REF! | I93: No
A94: 93 | B94: 2 | C94: Applicant Information: | E94: =#REF! -> #REF! | F94: =#REF! -> #REF! | I94: No
A95: 94 | B95: 2 | C95: Applicant Information: | E95: =#REF! -> #REF! | F95: =#REF! -> #REF! | I95: No
A96: 95 | B96: 2 | C96: Applicant Information: | E96: =#REF! -> #REF! | F96: =#REF! -> #REF! | G96: Text | I96: Yes | J96: Development Team | K96: =IF(E96=0,"",E96) -> #REF!
A97: 96 | B97: 2 | C97: Applicant Information: | E97: =#REF! -> #REF! | F97: =#REF! -> #REF! | G97: Text | I97: Contacts-Yes
A98: 97 | B98: 2 | C98: Applicant Information: | E98: =#REF! -> #REF! | F98: =#REF! -> #REF! | G98: Text | I98: Contacts-Yes
A99: 98 | B99: 2 | C99: Applicant Information: | E99: =#REF! -> #REF! | F99: =#REF! -> #REF! | G99: Text | I99: Contacts-Yes
A100: 99 | B100: 2 | C100: Applicant Information: | E100: =#REF! -> #REF! | F100: =#REF! -> #REF! | G100: Text | I100: Contacts-Yes
...

Sheet DataPointSummary
A1: InEmp | B1: Count
A2: Created prior to "push" | B2: =COUNTIF(References!I:I,A2) -> 26
A3: Yes | B3: =COUNTIF(References!I:I,A3) -> 381
A4: Custom-Yes | B4: =COUNTIF(References!I:I,A4) -> 32
A5: Contacts-Yes | B5: =COUNTIF(References!I:I,A5) -> 37
A6: Converting | B6: =COUNTIF(References!I:I,A6) -> 18
A7: Autocalculated | B7: =COUNTIF(References!I:I,A7) -> 65
A8: Calculated | B8: =COUNTIF(References!I:I,A8) -> 6 | C8: =SUM(B2:B8) -> 565 | D8: Subtotal for data points that are in Empahsys and mappable, including contacts
A9: No | B9: =COUNTIF(References!I:I,A9) -> 1679 | C9: =B9/(B9+C8) -> 0.74821747 | D9: Data points that are unmappable
A10: Locked | B10: =COUNTIF(References!I:I,A10) -> 6 | D10: These don't count
A11: Unmappable | B11: =COUNTIF(References!I:I,A11) -> 4 | D11: These don't count
A12: Total Data Points= | B12: =SUM(B2:B11) -> 2254

Sheet EmphasysOnly
A1: Ord | B1: T | C1: Section | D1: O | E1: Cell | F1: Question | G1: DataType | H1: Notes | I1: InEmp | J1: EMPSection | K1: Conversion | L1: Paste123-Mapping | M1: Work/Fail | N1: Worked
A2: 0 | B2: 0 | C2: Development Number | E2: SC-21001 | K2: =IF(E2=0,"",E2) -> SC-21001 | L2: SC-21002
A3: 0.1 | B3: 0 | C3: General Version | E3: 1 | K3: =IF(E3=0,"",E3) -> 1 | L3: 1.2
A4: 8 | B4: 1 | C4: Application Type: | E4: =VLOOKUP(A4,References!$A$1:$E$3413,5,FALSE) -> 0 | F4: New Construction | G4: Boolean | I4: =VLOOKUP(A4,References!A:I,9,FALSE) -> Yes | J4: Project Information | K4: =IF(E4="x","TRUE",IF(E4="Yes",TRUE,"FALSE")) -> FALSE | L4: TRUE | M4: 1.1 | N4: 1.2
A5: 9 | B5: 1 | C5: Application Type: | E5: =VLOOKUP(A5,References!$A$1:$E$3413,5,FALSE) -> #REF! | F5: Acquisition | G5: Boolean | I5: =VLOOKUP(A5,References!A:I,9,FALSE) -> Yes | J5: Project Information | K5: =IF(E5="x","TRUE",IF(E5="Yes",TRUE,"FALSE")) -> #REF! | L5: TRUE | M5: 1.1 | N5: 1.2
A6: 10 | B6: 1 | C6: Application Type: | E6: =VLOOKUP(A6,References!$A$1:$E$3413,5,FALSE) -> 0 | F6: Rehabilitation | G6: Boolean | I6: =VLOOKUP(A6,References!A:I,9,FALSE) -> Yes | J6: Project Information | K6: =IF(E6="x","TRUE",IF(E6="Yes",TRUE,"FALSE")) -> FALSE | L6: TRUE | M6: 1.1 | N6: 1.2
A7: 10.1 | B7: 1 | C7: Application Type: | E7: =VLOOKUP(A7,References!$A$1:$E$3413,5,FALSE) -> #N/A | F7: Acq/Rehab | G7: Boolean | I7: =VLOOKUP(A7,References!A:I,9,FALSE) -> #N/A | J7: Project Information | K7: =IF(E7="x","TRUE",IF(E7="Yes",TRUE,"FALSE")) -> #N/A | L7: TRUE | M7: 1.1 | N7: 1.2
A8: 11 | B8: 1 | C8: Application Type: | E8: =VLOOKUP(A8,References!$A$1:$E$3413,5,FALSE) -> 0 | F8: Adaptive Reuse | G8: Boolean | I8: =VLOOKUP(A8,References!A:I,9,FALSE) -> Yes | J8: Project Information | K8: =IF(E8="x","TRUE",IF(E8="Yes",TRUE,"FALSE")) -> FALSE | L8: TRUE | M8: 1.1 | N8: 1.2
A9: 152 | B9: 3 | C9: Site: | E9: =VLOOKUP(A9,References!$A$1:$E$3413,5,FALSE) -> #REF! | F9: Development located within city limits? | G9: Boolean | I9: =VLOOKUP(A9,References!A:I,9,FALSE) -> Custom-Yes | J9: Project Information | K9: =IF(E9="x","TRUE",IF(E9="Yes",TRUE,"FALSE")) -> #REF! | L9: TRUE | M9: 1.1 | N9: 1.2
A10: 154 | B10: 3 | C10: Site: | E10: =VLOOKUP(A10,References!$A$1:$E$3413,5,FALSE) -> #REF! | F10: Located in a Flood Plain? | G10: Boolean | I10: =VLOOKUP(A10,References!A:I,9,FALSE) -> Yes | J10: Project Information | K10: =IF(E10="x","TRUE",IF(E10="Yes",TRUE,"FALSE")) -> #REF! | L10: TRUE | M10: 1.1 | N10: 1.22
A11: 156 | B11: 3 | C11: Site: | E11: =VLOOKUP(A11,References!$A$1:$E$3413,5,FALSE) -> #REF! | F11: Located in an Opportunity Zone? | G11: Boolean | I11: =VLOOKUP(A11,References!A:I,9,FALSE) -> No | J11: Project Information | K11: =IF(E11="x","TRUE",IF(E11="Yes",TRUE,"FALSE")) -> #REF! | L11: FALSE | M11: 1.1 | N11: 1.2
A12: 242 | B12: 4 | C12: Development | E12: =VLOOKUP(A12,References!$A$1:$E$3413,5,FALSE) -> #REF! | F12: Garden Apartment (2 floors or less) | G12: Boolean | H12: Change | I12: =VLOOKUP(A12,References!A:I,9,FALSE) -> Yes | J12: Project Information | K12: =IF(E12="x","TRUE",IF(E12="Yes",TRUE,"FALSE")) -> #REF! | L12: TRUE | M12: 1.1 | N12: 1.22
A13: 244 | B13: 4 | C13: Development | E13: =VLOOKUP(A13,References!$A$1:$E$3413,5,FALSE) -> #REF! | F13: Single Family House (Detached) | G13: Boolean | I13: =VLOOKUP(A13,References!A:I,9,FALSE) -> Yes | J13: Project Information | K13: =IF(E13="x","TRUE",IF(E13="Yes",TRUE,"FALSE")) -> #REF! | L13: TRUE | M13: 1.1 | N13: 1.22
A14: 245 | B14: 4 | C14: Development | E14: =VLOOKUP(A14,References!$A$1:$E$3413,5,FALSE) -> #REF! | F14: Townhouse/Rowhouse | G14: Boolean | I14: =VLOOKUP(A14,References!A:I,9,FALSE) -> Yes | J14: Project Information | K14: =IF(E14="x","TRUE",IF(E14="Yes",TRUE,"FALSE")) -> #REF! | L14: TRUE | M14: 1.1 | N14: 1.22
A15: 247 | B15: 4 | C15: Development | E15: =VLOOKUP(A15,References!$A$1:$E$3413,5,FALSE) -> #REF! | F15: Elevator | G15: Boolean | I15: =VLOOKUP(A15,References!A:I,9,FALSE) -> Locked | J15: Project Information | K15: =IF(E15="x","TRUE",IF(E15="Yes",TRUE,"FALSE")) -> #REF! | L15: TRUE | M15: 1.1 | N15: 1.22
A16: 248 | B16: 4 | C16: Development | E16: =VLOOKUP(A16,References!$A$1:$E$3413,5,FALSE) -> #REF! | F16: Duplex | G16: Boolean | I16: =VLOOKUP(A16,References!A:I,9,FALSE) -> Locked | J16: Project Information | K16: =IF(E16="x","TRUE",IF(E16="Yes",TRUE,"FALSE")) -> #REF! | L16: TRUE | M16: 1.1 | N16: 1.22
A17: 246 | B17: 4 | C17: Development | E17: =VLOOKUP(A17,References!$A$1:$E$3413,5,FALSE) -> #REF! | F17: Detached Clubhouse | G17: Text | I17: =VLOOKUP(A17,References!A:I,9,FALSE) -> Yes | J17: Project Information | K17: =IF(E17=0,"","Yes") -> #REF! | L17: Yes | M17: F1.13 | N17: 1.19
A18: 249 | B18: 4 | C18: Development | E18: =VLOOKUP(A18,References!$A$1:$E$3413,5,FALSE) -> #REF! | F18: Triplex/Quadplex | G18: Text | H18: Issue | I18: =VLOOKUP(A18,References!A:I,9,FALSE) -> Locked | J18: Project Information | K18: =IF(E18=0,"","Yes") -> #REF! | L18: Yes | M18: F1.13 | N18: 1.4
A19: 250 | B19: 4 | C19: Development | E19: =VLOOKUP(A19,References!$A$1:$E$3413,5,FALSE) -> #REF! | F19: Foundation Type | G19: Text | H19: Issue | I19: =VLOOKUP(A19,References!A:I,9,FALSE) -> Unmappable | J19: Project Information | K19: =IF(E19=0,"",E19) -> #REF! | L19: Crawl Space | M19: F1.13 | N19: 1.4
A20: 14 | B20: 1 | C20: Application Type: | E20: =VLOOKUP(A20,References!$A$1:$E$3413,5,FALSE) -> 0 | F20: Total # of Low-Income Units: | G20: Number | I20: =VLOOKUP(A20,References!A:I,9,FALSE) -> No | J20: Project Information | K20: =IF(E20=0,"",E20) | L20: 10 | M20: W1.12 | N20: 1.3
A21: 15 | B21: 1 | C21: Application Type: | E21: =VLOOKUP(A21,References!$A$1:$E$3413,5,FALSE) -> #REF! | F21: Total # Market Rate Units: | G21: Number | I21: =VLOOKUP(A21,References!A:I,9,FALSE) -> Yes | J21: Project Information | K21: =IF(E21=0,"",E21) -> #REF! | L21: 2 | M21: W1.12 | N21: 1.3
A22: 16 | B22: 1 | C22: Application Type: | E22: =VLOOKUP(A22,References!$A$1:$E$3413,5,FALSE) -> #REF! | F22: Mgr/Maint/Security Units: | G22: Number | H22: Corrected | I22: =VLOOKUP(A22,References!A:I,9,FALSE) -> Yes | J22: Project Information | K22: =IF(E22=0,"",E22) -> #REF! | L22: 1 | M22: W1.12 | N22: 1.3
A23: 17 | B23: 1 | C23: Application Type: | E23: =VLOOKUP(A23,References!$A$1:$E$3413,5,FALSE) -> #REF! | F23: Total # of Units: | G23: Number | H23: Auto | I23: =VLOOKUP(A23,References!A:I,9,FALSE) -> Yes | J23: Project Information | K23: =IF(E23=0,"",E23) -> #REF! | L23: 13 | M23: W1.12 | N23: 1.3
A24: 479 | B24: 5 | C24: Development | E24: =VLOOKUP(A24,References!$A$1:$E$3413,5,FALSE) -> #N/A | F24: Number of Buildings | G24: Number | I24: =VLOOKUP(A24,References!A:I,9,FALSE) -> #N/A | J24: Project Information | K24: =IF(E24=0,"",E24) -> #N/A | L24: 3 | M24: W1.12 | N24: 1.4
A25: 157 | B25: 3 | C25: Site: | E25: =VLOOKUP(A25,References!$A$1:$E$3413,5,FALSE) -> #REF! | F25: Located in a Qualified Census Tract? | G25: Boolean | I25: =VLOOKUP(A25,References!A:I,9,FALSE) -> Yes | J25: Project Name and Address | K25: =IF(E25="x","TRUE",IF(E25="Yes",TRUE,"FALSE")) -> #REF! | L25: TRUE | M25: 1.1 | N25: 1.2
A26: 158 | B26: 3 | C26: Site: | E26: =VLOOKUP(A26,References!$A$1:$E$3413,5,FALSE) -> #REF! | F26: Located in a Difficult Development Area? | G26: Boolean | I26: =VLOOKUP(A26,References!A:I,9,FALSE) -> Custom-Yes | J26: Project Name and Address | K26: =IF(E26="x","TRUE",IF(E26="Yes",TRUE,"FALSE")) -> #REF! | L26: FALSE | M26: 1.1 | N26: 1.2
A27: 173 | B27: 3 | C27: Site Control | E27: =VLOOKUP(A27,References!$A$1:$E$3413,5,FALSE) -> 0 | F27: Control Type | G27: Text | H27: Corrected | I27: =VLOOKUP(A27,References!A:I,9,FALSE) -> Yes | J27: Project Name and Address | K27: =E27 -> 0 | L27: Purchase Contract | M27: F1.13 | N27: Nope
A28: 36 | B28: 1 | C28: Applicant Information: | E28: =VLOOKUP(A28,References!$A$1:$E$3413,5,FALSE) -> #REF! | F28: Congressional District # : | G28: Text | H28: Change | I28: =VLOOKUP(A28,References!A:I,9,FALSE) -> Yes | J28: Project Name and Address | K28: =IF(E28=0,"",E28) -> #REF! | L28: 4 | M28: F1.13 | N28: 1.2
A29: 162 | B29: 3 | C29: Site: | E29: =VLOOKUP(A29,References!$A$1:$E$3413,5,FALSE) -> #REF! | F29: State Senate District # : | G29: Text | I29: =VLOOKUP(A29,References!A:I,9,FALSE) -> No | J29: Project Name and Address | K29: =IF(E29=0,"",E29) -> #REF! | L29: 12 | M29: F1.13 | N29: 1.2
A30: 163 | B30: 3 | C30: Site: | E30: =VLOOKUP(A30,References!$A$1:$E$3413,5,FALSE) -> #REF! | F30: State House District # : | G30: Text | I30: =VLOOKUP(A30,References!A:I,9,FALSE) -> Yes | J30: Project Name and Address | K30: =IF(E30=0,"",E30) -> #REF! | L30: 23 | M30: F1.13 | N30: 1.2
A31: 164 | B31: 3 | C31: Site: | E31: =VLOOKUP(A31,References!$A$1:$E$3413,5,FALSE) -> #REF! | F31: Census Tract # : | G31: Text | I31: =VLOOKUP(A31,References!A:I,9,FALSE) -> Yes | J31: Project Name and Address | K31: =IF(E31=0,"",E31) -> #REF! | L31: 220.01 | M31: F1.13 | N31: 1.2
A32: 184 | B32: 3 | C32: Site Control | D32: 1 | E32: =VLOOKUP(A32,References!$A$1:$E$3413,5,FALSE) -> #REF! | F32: For Centroid-Latitude | G32: Text | I32: =VLOOKUP(A32,References!A:I,9,FALSE) -> Yes | J32: Project Name and Address | K32: =IF(E32=0,"",E32) -> #REF! | L32: 42445354 | M32: F1.13 | N32: 1.2
A33: 185 | B33: 3 | C33: Site Control | D33: 1 | E33: =VLOOKUP(A33,References!$A$1:$E$3413,5,FALSE) -> #REF! | F33: For Centroid-Longitude | G33: Text | I33: =VLOOKUP(A33,References!A:I,9,FALSE) -> No | J33: Project Name and Address | K33: =IF(E33=0,"",E33) -> #REF! | L33: 4345353 | M33: F1.13 | N33: 1.2
A34: 29 | B34: 1 | C34: Application Type: | E34: =VLOOKUP(A34,References!$A$1:$E$3413,5,FALSE) -> #REF! | F34: HOME-Assisted Units Fixed or Floating? | G34: Text | H34: Change | I34: =VLOOKUP(A34,References!A:I,9,FALSE) -> Custom-Yes | J34: HOME Program Information | K34: =IF(E34=0,"",E34) -> #REF! | L34: Fixed | M34: F1.13 | N34: 1.3
A35: 27 | B35: 1 | C35: Application Type: | E35: =VLOOKUP(A35,References!$A$1:$E$3413,5,FALSE) -> #REF! | F35: Total # of HOME-Assisted Units: | G35: Number | I35: =VLOOKUP(A35,References!A:I,9,FALSE) -> Yes | J35: HOME Program Information | K35: =IF(E35=0,"",E35) -> #REF! | L35: 2 | M35: W1.13 | N35: 1.21
A36: 497 | B36: 5 | C36: Development | E36: =VLOOKUP(A36,References!$A$1:$E$3413,5,FALSE) -> #N/A | F36: Is there currently any project-based rental assistance on the development? | G36: Boolean | I36: =VLOOKUP(A36,References!A:I,9,FALSE) -> #N/A | J36: Rental Assistance | K36: =IF(E36="x","TRUE",IF(E36="Yes",TRUE,"FALSE")) -> #N/A | L36: TRUE | M36: 1.1 | N36: 1.21
A37: 498 | B37: 5 | C37: Development | E37: =VLOOKUP(A37,References!$A$1:$E$3413,5,FALSE) -> #N/A | F37: Section 8 vouchers or certificates | G37: Boolean | I37: =VLOOKUP(A37,References!A:I,9,FALSE) -> #N/A | J37: Rental Assistance | K37: =IF(E37="x","TRUE",IF(E37="Yes",TRUE,"FALSE")) -> #N/A | L37: TRUE | M37: 1.1 | N37: 1.21
A38: 501 | B38: 5 | C38: Development | E38: =VLOOKUP(A38,References!$A$1:$E$3413,5,FALSE) -> #N/A | F38: RDA rental assistance | G38: Boolean | I38: =VLOOKUP(A38,References!A:I,9,FALSE) -> #N/A | J38: Rental Assistance | K38: =IF(E38="x","TRUE",IF(E38="Yes",TRUE,"FALSE")) -> #N/A | L38: TRUE | M38: 1.1 | N38: 1.21
A39: 500 | B39: 5 | C39: Development | E39: =VLOOKUP(A39,References!$A$1:$E$3413,5,FALSE) -> #N/A | F39: ID HUD type: | G39: Text | I39: =VLOOKUP(A39,References!A:I,9,FALSE) -> #N/A | J39: Rental Assistance | K39: =IF(E39=0,"",E39) -> #N/A | L39: HUD Someone | M39: F1.13
A40: 504 | B40: 5 | C40: Development | E40: =VLOOKUP(A40,References!$A$1:$E$3413,5,FALSE) -> #N/A | F40: If yes, how many units have project-based rental assistance? | G40: Number | I40: =VLOOKUP(A40,References!A:I,9,FALSE) -> #N/A | J40: Rental Assistance | K40: =IF(E40=0,"",E40) -> #N/A | L40: 5 | M40: W1.13
A41: 506 | B41: 5 | C41: Development | E41: =VLOOKUP(A41,References!$A$1:$E$3413,5,FALSE) -> #N/A | F41: # of years assistance provided: | G41: Number | I41: =VLOOKUP(A41,References!A:I,9,FALSE) -> #N/A | J41: Rental Assistance | K41: =IF(E41=0,"",E41) -> #N/A | L41: 5 | M41: W1.13
A42: 96 | B42: 2 | C42: Applicant Information: | E42: =VLOOKUP(A42,References!$A$1:$E$3413,5,FALSE) -> #REF! | F42: Management Entity: | G42: Text | I42: =VLOOKUP(A42,References!A:I,9,FALSE) -> Contacts-Yes | J42: Development Team | K42: =IF(E42=0,"",E42) -> #REF! | L42: Manager | M42: F1.13 | N42: 1.8
A43: 104 | B43: 2 | C43: Applicant Information: | E43: =VLOOKUP(A43,References!$A$1:$E$3413,5,FALSE) -> #REF! | F43: Telephone # : | G43: Text | I43: =VLOOKUP(A43,References!A:I,9,FALSE) -> Contacts-Yes | J43: Development Team | K43: =IF(E43=0,"",E43) -> #REF! | L43: 803-555-1111 | M43: F1.13 | N43: 1.8
A44: 107 | B44: 2 | C44: Applicant Information: | E44: =VLOOKUP(A44,References!$A$1:$E$3413,5,FALSE) -> #REF! | F44: Consultant: | G44: Text | I44: =VLOOKUP(A44,References!A:I,9,FALSE) -> No | J44: Development Team | K44: =IF(E44=0,"",E44) -> #REF! | L44: Consultant | M44: F1.13 | N44: 1.8
A45: 112 | B45: 2 | C45: Applicant Information: | E45: =VLOOKUP(A45,References!$A$1:$E$3413,5,FALSE) -> #REF! | F45: Contact Name: | G45: Text | I45: =VLOOKUP(A45,References!A:I,9,FALSE) -> Yes | J45: Development Team | K45: =IF(E45=0,"",E45) -> #REF! | L45: Con | M45: F1.13 | N45: 1.8
A46: 113 | B46: 2 | C46: Applicant Information: | E46: =VLOOKUP(A46,References!$A$1:$E$3413,5,FALSE) -> #REF! | F46: Telephone # : | G46: Text | I46: =VLOOKUP(A46,References!A:I,9,FALSE) -> No | J46: Development Team | K46: =IF(E46=0,"",E46) -> #REF! | L46: 803-555-2222 | M46: F1.13 | N46: 1.8
A47: 115 | B47: 2 | C47: Applicant Information: | E47: =VLOOKUP(A47,References!$A$1:$E$3413,5,FALSE) -> #REF! | F47: Email Address: | G47: Text | I47: =VLOOKUP(A47,References!A:I,9,FALSE) -> Yes | J47: Development Team | K47: =IF(E47=0,"",E47) -> #REF! | L47: Consultant@test.com | M47: F1.13 | N47: 1.8
A48: 116 | B48: 2 | C48: Applicant Information: | E48: =VLOOKUP(A48,References!$A$1:$E$3413,5,FALSE) -> #REF! | F48: Tax Attorney: | G48: Text | I48: =VLOOKUP(A48,References!A:I,9,FALSE) -> No | J48: Development Team | K48: =IF(E48=0,"",E48) -> #REF! | L48: TaxAtt | M48: F1.13 | N48: 1.8
A49: 122 | B49: 2 | C49: Applicant Information: | E49: =VLOOKUP(A49,References!$A$1:$E$3413,5,FALSE) -> #REF! | F49: Telephone # : | G49: Text | I49: =VLOOKUP(A49,References!A:I,9,FALSE) -> No | J49: Development Team | K49: =IF(E49=0,"",E49) -> #REF! | L49: 803-555-3333 | M49: F1.13 | N49: 1.8
A50: 134 | B50: 2 | C50: Applicant Information: | E50: =VLOOKUP(A50,References!$A$1:$E$3413,5,FALSE) -> #REF! | F50: Architect Company: | G50: Text | I50: =VLOOKUP(A50,References!A:I,9,FALSE) -> No | J50: Development Team | K50: =IF(E50=0,"",E50) -> #REF! | L50: Architect | M50: F1.13 | N50: 1.8
A51: 139 | B51: 2 | C51: Applicant Information: | E51: =VLOOKUP(A51,References!$A$1:$E$3413,5,FALSE) -> #REF! | F51: Contact Name: | G51: Text | I51: =VLOOKUP(A51,References!A:I,9,FALSE) -> Custom-Yes | J51: Development Team | K51: =IF(E51=0,"",E51) -> #REF! | L51: Arc | M51: F1.13 | N51: 1.8
A52: 140 | B52: 2 | C52: Applicant Information: | E52: =VLOOKUP(A52,References!$A$1:$E$3413,5,FALSE) -> #REF! | F52: Telephone # : | G52: Text | I52: =VLOOKUP(A52,References!A:I,9,FALSE) -> Yes | J52: Development Team | K52: =IF(E52=0,"",E52) -> #REF! | L52: 803-555-4444 | M52: F1.13 | N52: 1.8
A53: 142 | B53: 2 | C53: Applicant Information: | E53: =VLOOKUP(A53,References!$A$1:$E$3413,5,FALSE) -> #REF! | F53: Email Address: | G53: Text | I53: =VLOOKUP(A53,References!A:I,9,FALSE) -> Custom-Yes | J53: Development Team | K53: =IF(E53=0,"",E53) -> #REF! | L53: Architect@test.com | M53: F1.13 | N53: 1.8
... A57: 151 | B57: 2 | C57: Applicant Information: | E57: =VLOOKUP(A57,References!$A$1:$E$3413,5,FALSE) -> #REF! | F57: Email Address: | G57: Text | I57: =VLOOKUP(A57,References!A:I,9,FALSE) -> Contacts-Yes | J57: Development Team | K57: =IF(E57=0,"",E57) -> #REF! | L57: GC@test.com | M57: F1.13 | N57: 1.8
A58: 567 | B58: 6 | C58: Utility Allowance | E58: =VLOOKUP(A58,References!$A$1:$E$3413,5,FALSE) -> #N/A | F58: Space Heating | G58: Decimal | H58: 0-BR | I58: =VLOOKUP(A58,References!A:I,9,FALSE) -> #N/A | J58: Utility Allowance | K58: =IF(E58=0,"",E58) -> #N/A | L58: 0.1 | N58: F-1.9-12 W-1.15
A59: 568 | B59: 6 | C59: Utility Allowance | E59: =VLOOKUP(A59,References!$A$1:$E$3413,5,FALSE) -> #N/A | F59: Cooking | G59: Decimal | H59: 0-BR | I59: =VLOOKUP(A59,References!A:I,9,FALSE) -> #N/A | J59: Utility Allowance | K59: =IF(E59=0,"",E59) -> #N/A | L59: 0.2 | N59: F-1.9-12 W-1.15
A60: 569 | B60: 6 | C60: Utility Allowance | E60: =VLOOKUP(A60,References!$A$1:$E$3413,5,FALSE) -> #N/A | F60: Lighting/Other | G60: Decimal | H60: 0-BR | I60: =VLOOKUP(A60,References!A:I,9,FALSE) -> #N/A | J60: Utility Allowance | K60: =IF(E60=0,"",E60) -> #N/A | L60: 0.3 | N60: F-1.9-12 W-1.15
A61: 570 | B61: 6 | C61: Utility Allowance | E61: =VLOOKUP(A61,References!$A$1:$E$3413,5,FALSE) -> #N/A | F61: Air Conditioning | G61: Decimal | H61: 0-BR | I61: =VLOOKUP(A61,References!A:I,9,FALSE) -> #N/A | J61: Utility Allowance | K61: =IF(E61=0,"",E61) -> #N/A | L61: 0.4 | N61: F-1.9-12 W-1.15
A62: 571 | B62: 6 | C62: Utility Allowance | E62: =VLOOKUP(A62,References!$A$1:$E$3413,5,FALSE) -> #N/A | F62: Hot Water | G62: Decimal | H62: 0-BR | I62: =VLOOKUP(A62,References!A:I,9,FALSE) -> #N/A | J62: Utility Allowance | K62: =IF(E62=0,"",E62) -> #N/A | L62: 0.5 | N62: F-1.9-12 W-1.15
A63: 574 | B63: 6 | C63: Utility Allowance | E63: =VLOOKUP(A63,References!$A$1:$E$3413,5,FALSE) -> #N/A | F63: Water | G63: Decimal | H63: 0-BR | I63: =VLOOKUP(A63,References!A:I,9,FALSE) -> #N/A | J63: Utility Allowance | K63: =IF(E63=0,"",E63) -> #N/A | L63: 0.6 | N63: F-1.9-12 W-1.15
A64: 575 | B64: 6 | C64: Utility Allowance | E64: =VLOOKUP(A64,References!$A$1:$E$3413,5,FALSE) -> #N/A | F64: Sewer | G64: Decimal | H64: 0-BR | I64: =VLOOKUP(A64,References!A:I,9,FALSE) -> #N/A | J64: Utility Allowance | K64: =IF(E64=0,"",E64) -> #N/A | L64: 0.7 | N64: F-1.9-12 W-1.15
A65: 576 | B65: 6 | C65: Utility Allowance | E65: =VLOOKUP(A65,References!$A$1:$E$3413,5,FALSE) -> #N/A | F65: Trash | G65: Decimal | H65: 0-BR | I65: =VLOOKUP(A65,References!A:I,9,FALSE) -> #N/A | J65: Utility Allowance | K65: =IF(E65=0,"",E65) -> #N/A | L65: 0.8 | N65: F-1.9-12 W-1.15
A66: 577 | B66: 6 | C66: Utility Allowance | E66: =VLOOKUP(A66,References!$A$1:$E$3413,5,FALSE) -> #N/A | F66: Range | G66: Decimal | H66: 0-BR | I66: =VLOOKUP(A66,References!A:I,9,FALSE) -> #N/A | J66: Utility Allowance | K66: =IF(E66=0,"",E66) -> #N/A | L66: 0.9 | N66: F-1.9-12 W-1.15
A67: 578 | B67: 6 | C67: Utility Allowance | E67: =VLOOKUP(A67,References!$A$1:$E$3413,5,FALSE) -> #N/A | F67: Refrigerator | G67: Decimal | H67: 0-BR | I67: =VLOOKUP(A67,References!A:I,9,FALSE) -> #N/A | J67: Utility Allowance | K67: =IF(E67=0,"",E67) -> #N/A | L67: 0.99 | N67: F-1.9-12 W-1.15
A68: 580 | B68: 6 | C68: Utility Allowance | E68: =VLOOKUP(A68,References!$A$1:$E$3413,5,FALSE) -> #N/A | F68: Space Heating | G68: Decimal | H68: 1-BR | I68: =VLOOKUP(A68,References!A:I,9,FALSE) -> #N/A | J68: Utility Allowance | K68: =IF(E68=0,"",E68) -> #N/A | L68: 1.1 | N68: F-1.9-12 W-1.15
A69: 581 | B69: 6 | C69: Utility Allowance | E69: =VLOOKUP(A69,References!$A$1:$E$3413,5,FALSE) -> #N/A | F69: Cooking | G69: Decimal | H69: 1-BR | I69: =VLOOKUP(A69,References!A:I,9,FALSE) -> #N/A | J69: Utility Allowance | K69: =IF(E69=0,"",E69) -> #N/A | L69: 1.2 | N69: F-1.9-12 W-1.15
... A117: 643 | B117: 6 | C117: Utility Allowance | E117: =VLOOKUP(A117,References!$A$1:$E$3413,5,FALSE) -> #N/A | F117: Refrigerator | G117: Decimal | H117: 5-BR | I117: =VLOOKUP(A117,References!A:I,9,FALSE) -> #N/A | J117: Utility Allowance | K117: =IF(E117=0,"",E117) -> #N/A | L117: 5.99 | N117: F-1.9-12 W-1.15
A118: 644 | B118: 6 | C118: Utility Allowance | E118: =VLOOKUP(A118,References!$A$1:$E$3413,5,FALSE) -> #N/A | F118: Base Amount | G118: Decimal | I118: =VLOOKUP(A118,References!A:I,9,FALSE) -> #N/A | J118: Utility Allowance | K118: =IF(E118=0,"",E118) -> #N/A | L118: 10
A119: 542 | B119: 6 | C119: Utility Allowance | E119: =VLOOKUP(A119,References!$A$1:$E$3413,5,FALSE) -> #N/A | F119: Source of Utility Allowance | G119: Text | I119: =VLOOKUP(A119,References!A:I,9,FALSE) -> #N/A | J119: Utility Allowance | K119: =IF(E119=0,"",E119) -> #N/A | L119: State Housing Authority | M119: F1.13
A120: 542.1 | B120: 6 | C120: Utility Allowance | E120: =VLOOKUP(A120,References!$A$1:$E$3413,5,FALSE) -> #N/A | F120: Unit Type 1 | G120: Text | I120: =VLOOKUP(A120,References!A:I,9,FALSE) -> #N/A | J120: Utility Allowance | K120: =IF(E120=0,"",E120) -> #N/A | L120: Unit 1st Type | M120: F1.13
A121: 542.2 | B121: 6 | C121: Utility Allowance | E121: =VLOOKUP(A121,References!$A$1:$E$3413,5,FALSE) -> #N/A | F121: Unit Type 2 | G121: Text | I121: =VLOOKUP(A121,References!A:I,9,FALSE) -> #N/A | J121: Utility Allowance | K121: =IF(E121=0,"",E121) -> #N/A | L121: Unit 2nd Type | M121: F1.13
A122: 542.3 | B122: 6 | C122: Utility Allowance | E122: =VLOOKUP(A122,References!$A$1:$E$3413,5,FALSE) -> #N/A | F122: Energy Star? | G122: Boolean | I122: =VLOOKUP(A122,References!A:I,9,FALSE) -> #N/A | J122: Utility Allowance | K122: =IF(E122="x","TRUE",IF(E122="Yes",TRUE,"FALSE")) -> #N/A | L122: TRUE | M122: F1.1 | N122: Nope
A123: 1020 | B123: 9 | C123: Funding: | D123: 2 | E123: =VLOOKUP(A123,References!$A$1:$E$3413,5,FALSE) -> #N/A | F123: Amortization Period (years) | G123: Number | I123: =VLOOKUP(A123,References!A:I,9,FALSE) -> #N/A | J123: Permanent Financing Sources | K123: =IF(E123=0,"",E123) -> #N/A | L123: 20 | M123: W1.14 | N123: F1.8 W1.14
A124: 1021 | B124: 9 | C124: Funding: | D124: 3 | E124: =VLOOKUP(A124,References!$A$1:$E$3413,5,FALSE) -> #N/A | F124: Amortization Period (years) | G124: Number | I124: =VLOOKUP(A124,References!A:I,9,FALSE) -> #N/A | J124: Permanent Financing Sources | K124: =IF(E124=0,"",E124) -> #N/A | L124: 21 | M124: W1.14 | N124: F1.8 W1.14
A125: 1022 | B125: 9 | C125: Funding: | D125: 4 | E125: =VLOOKUP(A125,References!$A$1:$E$3413,5,FALSE) -> #N/A | F125: Amortization Period (years) | G125: Number | I125: =VLOOKUP(A125,References!A:I,9,FALSE) -> #N/A | J125: Permanent Financing Sources | K125: =IF(E125=0,"",E125) -> #N/A | L125: 22 | M125: W1.14 | N125: F1.8 W1.14
A126: 1023 | B126: 9 | C126: Funding: | D126: 5 | E126: =VLOOKUP(A126,References!$A$1:$E$3413,5,FALSE) -> #N/A | F126: Amortization Period (years) | G126: Number | I126: =VLOOKUP(A126,References!A:I,9,FALSE) -> #N/A | J126: Permanent Financing Sources | K126: =IF(E126=0,"",E126) -> #N/A | L126: 23 | M126: W1.14 | N126: F1.8 W1.14
A127: 1024 | B127: 9 | C127: Funding: | D127: 6 | E127: =VLOOKUP(A127,References!$A$1:$E$3413,5,FALSE) -> #N/A | F127: Amortization Period (years) | G127: Number | I127: =VLOOKUP(A127,References!A:I,9,FALSE) -> #N/A | J127: Permanent Financing Sources | K127: =IF(E127=0,"",E127) -> #N/A | L127: 24 | M127: W1.14 | N127: F1.8 W1.14
A128: 1025 | B128: 9 | C128: Funding: | D128: 7 | E128: =VLOOKUP(A128,References!$A$1:$E$3413,5,FALSE) -> #N/A | F128: Amortization Period (years) | G128: Number | I128: =VLOOKUP(A128,References!A:I,9,FALSE) -> #N/A | J128: Permanent Financing Sources | K128: =IF(E128=0,"",E128) -> #N/A | L128: 25 | M128: W1.14 | N128: F1.8 W1.14
A129: 1026 | B129: 9 | C129: Funding: | D129: 8 | E129: =VLOOKUP(A129,References!$A$1:$E$3413,5,FALSE) -> #N/A | F129: Amortization Period (years) | G129: Number | I129: =VLOOKUP(A129,References!A:I,9,FALSE) -> #N/A | J129: Permanent Financing Sources | K129: =IF(E129=0,"",E129) -> #N/A | L129: 26 | M129: W1.14 | N129: F1.8 W1.14
A130: 1029 | B130: 9 | C130: Funding: | D130: 2 | E130: =VLOOKUP(A130,References!$A$1:$E$3413,5,FALSE) -> #N/A | F130: Term of Loan (years) | G130: Number | I130: =VLOOKUP(A130,References!A:I,9,FALSE) -> #N/A | J130: Permanent Financing Sources | K130: =IF(E130=0,"",E130) -> #N/A | L130: 30 | M130: W1.14 | N130: F1.8 W1.14
A131: 1030 | B131: 9 | C131: Funding: | D131: 3 | E131: =VLOOKUP(A131,References!$A$1:$E$3413,5,FALSE) -> #N/A | F131: Term of Loan (years) | G131: Number | I131: =VLOOKUP(A131,References!A:I,9,FALSE) -> #N/A | J131: Permanent Financing Sources | K131: =IF(E131=0,"",E131) -> #N/A | L131: 31 | M131: W1.14 | N131: F1.8 W1.14
A132: 1031 | B132: 9 | C132: Funding: | D132: 4 | E132: =VLOOKUP(A132,References!$A$1:$E$3413,5,FALSE) -> #N/A | F132: Term of Loan (years) | G132: Number | I132: =VLOOKUP(A132,References!A:I,9,FALSE) -> #N/A | J132: Permanent Financing Sources | K132: =IF(E132=0,"",E132) -> #N/A | L132: 32 | M132: W1.14 | N132: F1.8 W1.14
A133: 1032 | B133: 9 | C133: Funding: | D133: 5 | E133: =VLOOKUP(A133,References!$A$1:$E$3413,5,FALSE) -> #N/A | F133: Term of Loan (years) | G133: Number | I133: =VLOOKUP(A133,References!A:I,9,FALSE) -> #N/A | J133: Permanent Financing Sources | K133: =IF(E133=0,"",E133) -> #N/A | L133: 33 | M133: W1.14 | N133: F1.8 W1.14
A134: 1033 | B134: 9 | C134: Funding: | D134: 6 | E134: =VLOOKUP(A134,References!$A$1:$E$3413,5,FALSE) -> #N/A | F134: Term of Loan (years) | G134: Number | I134: =VLOOKUP(A134,References!A:I,9,FALSE) -> #N/A | J134: Permanent Financing Sources | K134: =IF(E134=0,"",E134) -> #N/A | L134: 34 | M134: W1.14 | N134: F1.8 W1.14
... A136: 1035 | B136: 9 | C136: Funding: | D136: 8 | E136: =VLOOKUP(A136,References!$A$1:$E$3413,5,FALSE) -> #N/A | F136: Term of Loan (years) | G136: Number | I136: =VLOOKUP(A136,References!A:I,9,FALSE) -> #N/A | J136: Permanent Financing Sources | K136: =IF(E136=0,"",E136) -> #N/A | L136: 36 | M136: W1.14 | N136: F1.8 W1.14
A137: 965 | B137: 9 | C137: Funding: | D137: 1 | E137: =VLOOKUP(A137,References!$A$1:$E$3413,5,FALSE) -> #N/A | F137: Amount of Funds | G137: Decimal | I137: =VLOOKUP(A137,References!A:I,9,FALSE) -> #N/A | J137: Permanent Financing Sources | K137: =IF(E137=0,"",E137) -> #N/A | L137: 1000000 | N137: 1.6
A138: 993 | B138: 9 | C138: Funding: | D138: 2 | E138: =VLOOKUP(A138,References!$A$1:$E$3413,5,FALSE) -> #N/A | F138: Amount of Funds | G138: Decimal | I138: =VLOOKUP(A138,References!A:I,9,FALSE) -> #N/A | J138: Permanent Financing Sources | K138: =IF(E138=0,"",E138) -> #N/A | L138: 500000 | N138: 1.6
A139: 994 | B139: 9 | C139: Funding: | D139: 3 | E139: =VLOOKUP(A139,References!$A$1:$E$3413,5,FALSE) -> #N/A | F139: Amount of Funds | G139: Decimal | I139: =VLOOKUP(A139,References!A:I,9,FALSE) -> #N/A | J139: Permanent Financing Sources | K139: =IF(E139=0,"",E139) -> #N/A | L139: 700000 | N139: 1.6
A140: 995 | B140: 9 | C140: Funding: | D140: 4 | E140: =VLOOKUP(A140,References!$A$1:$E$3413,5,FALSE) -> #N/A | F140: Amount of Funds | G140: Decimal | I140: =VLOOKUP(A140,References!A:I,9,FALSE) -> #N/A | J140: Permanent Financing Sources | K140: =IF(E140=0,"",E140) -> #N/A | L140: 710000 | N140: 1.6
A141: 996 | B141: 9 | C141: Funding: | D141: 5 | E141: =VLOOKUP(A141,References!$A$1:$E$3413,5,FALSE) -> #N/A | F141: Amount of Funds | G141: Decimal | I141: =VLOOKUP(A141,References!A:I,9,FALSE) -> #N/A | J141: Permanent Financing Sources | K141: =IF(E141=0,"",E141) -> #N/A | L141: 720000 | N141: 1.6
A142: 997 | B142: 9 | C142: Funding: | D142: 6 | E142: =VLOOKUP(A142,References!$A$1:$E$3413,5,FALSE) -> #N/A | F142: Amount of Funds | G142: Decimal | I142: =VLOOKUP(A142,References!A:I,9,FALSE) -> #N/A | J142: Permanent Financing Sources | K142: =IF(E142=0,"",E142) -> #N/A | L142: 730000 | N142: 1.6
A143: 998 | B143: 9 | C143: Funding: | D143: 7 | E143: =VLOOKUP(A143,References!$A$1:$E$3413,5,FALSE) -> #N/A | F143: Amount of Funds | G143: Decimal | I143: =VLOOKUP(A143,References!A:I,9,FALSE) -> #N/A | J143: Permanent Financing Sources | K143: =IF(E143=0,"",E143) -> #N/A | L143: 740000 | N143: 1.6
A144: 999 | B144: 9 | C144: Funding: | D144: 8 | E144: =VLOOKUP(A144,References!$A$1:$E$3413,5,FALSE) -> #N/A | F144: Amount of Funds | G144: Decimal | I144: =VLOOKUP(A144,References!A:I,9,FALSE) -> #N/A | J144: Permanent Financing Sources | K144: =IF(E144=0,"",E144) -> #N/A | L144: 750000 | N144: 1.6
A145: 1011 | B145: 9 | C145: Funding: | D145: 2 | E145: =VLOOKUP(A145,References!$A$1:$E$3413,5,FALSE) -> #N/A | F145: Interest Rate | G145: Decimal | I145: =VLOOKUP(A145,References!A:I,9,FALSE) -> #N/A | J145: Permanent Financing Sources | K145: =IF(E145=0,"",E145) -> #N/A | L145: 0.02 | N145: 1.6
A146: 1012 | B146: 9 | C146: Funding: | D146: 3 | E146: =VLOOKUP(A146,References!$A$1:$E$3413,5,FALSE) -> #N/A | F146: Interest Rate | G146: Decimal | I146: =VLOOKUP(A146,References!A:I,9,FALSE) -> #N/A | J146: Permanent Financing Sources | K146: =IF(E146=0,"",E146) -> #N/A | L146: 0.03 | N146: 1.6
A147: 1013 | B147: 9 | C147: Funding: | D147: 4 | E147: =VLOOKUP(A147,References!$A$1:$E$3413,5,FALSE) -> #N/A | F147: Interest Rate | G147: Decimal | I147: =VLOOKUP(A147,References!A:I,9,FALSE) -> #N/A | J147: Permanent Financing Sources | K147: =IF(E147=0,"",E147) -> #N/A | L147: 0.04 | N147: 1.6
A148: 1014 | B148: 9 | C148: Funding: | D148: 5 | E148: =VLOOKUP(A148,References!$A$1:$E$3413,5,FALSE) -> #N/A | F148: Interest Rate | G148: Decimal | I148: =VLOOKUP(A148,References!A:I,9,FALSE) -> #N/A | J148: Permanent Financing Sources | K148: =IF(E148=0,"",E148) -> #N/A | L148: 0.05 | N148: 1.6
... A151: 1017 | B151: 9 | C151: Funding: | D151: 8 | E151: =VLOOKUP(A151,References!$A$1:$E$3413,5,FALSE) -> #N/A | F151: Interest Rate | G151: Decimal | I151: =VLOOKUP(A151,References!A:I,9,FALSE) -> #N/A | J151: Permanent Financing Sources | K151: =IF(E151=0,"",E151) -> #N/A | L151: 0.08 | N151: 1.6
A152: 667 | B152: 7 | C152: LIU-Income | D152: 1 | E152: =VLOOKUP(A152,References!$A$1:$E$3413,5,FALSE) -> #N/A | F152: # of Units | G152: Number | I152: Yes | J152: Rental Analysis | K152: =IF(E152=0,"",E152) -> #N/A | L152: 10
A153: 668 | B153: 7 | C153: LIU-Income | D153: 2 | E153: =VLOOKUP(A153,References!$A$1:$E$3413,5,FALSE) -> #N/A | F153: # of Units | G153: Number | I153: Yes | J153: Rental Analysis | K153: =IF(E153=0,"",E153) -> #N/A
...
